Workbook
Name ABN: Cover!$C$17
Name Tradingname: Cover!$C$15
Name YEAR: [1]Outcomes!$B$3
Name Yearending: Cover!$C$23
Name Yearstart: Cover!$C$21

Sheet Cover
A1: Gas Pipeline Operator
A2: Reporting template
A4: This template is to be uploaded by a Gas Pipeline Operator to its website to fulfil its annual reporting obligations.
A6: Colour coding of input sheets:
A7: Dark blue = AER insructions/headings
A8: Yellow = Input cells
A9: Grey - Not applicable/No inputs required
A11: Leave coloured cells blank if no information exists - PLEASE DO NOT ENTER TEXT unless specifically requested to do so.
A12: All dollar amounts are to be unrounded, and in nominal terms.
A15: Service provider: | C15: APT Pipelines (NSW) Pty Limited
A17: Australian business number: | C17: 37 080 842 360
A19: Pipeline name: | C19: Central West Pipeline
A21: Reporting period start date: | C21: 44743
A23: Reporting period end date: | C23: 45107
A25: Date opening RAB established | C25: 36342
A29: Business address | B29: Address | D29: Level 25, 580 George Street
B30: Suburb | D30: Sydney
C31: State | D31: NSW | E31: Postcode | F31: 2000
A33: Postal address | B33: Address | D33: PO Box R41
B34: Suburb | D34: Royal Exchange
C35: State | D35: NSW | E35: Postcode | F35: 1225
A38: Contact name/s | B38: Rebecca Culbertson (Head of Investor Relations)
A39: Contact phone/s | B39: +61 (07) 3565 3270
A40: Contact email address/s | B40: APARegReporting@apa.com.au

Sheet Contents
D3: Table of contents

Sheet 1. Pipeline information
B1: Pipeline information
B2: =Tradingname -> APT Pipelines (NSW) Pty Limited
B3: Year ending | C3: =Yearending -> 45107
B5: Table 1.1: Pipeline details
B7: Pipeline location | C7: New South Wales
B8: Pipeline length (km) | C8: 255
B9: Number of customers | C9: 7
B10: Service type | C10: Transmission
B12: Table 1.2: Pipeline services provided
B14: Service description | C14: Provided to non related parties | D14: Provided to related parties
B15: Transportation services
B16: Firm transportation service | C16: Yes | D16: No
B17: Interruptible or as available transportation service | C17: Yes | D17: No
B18: Backhaul services | C18: No | D18: No
B19: Stand-alone compression services
B20: Firm compression service | C20: No | D20: No
B21: Interruptible compression service | C21: No | D21: No
B22: Storage services
B23: Park services | C23: No | D23: No
B24: Park and loan services | C24: No | D24: No
B25: Trading services
B26: Capacity trading service | C26: Yes | D26: No
B27: In pipe trading service | C27: No | D27: No
B28: Other (please specify)
B29: other service (insert description)
B30: other service (insert description)
B31: other service (insert description)
B32: other service (insert description)
B33: other service (insert description)
B34: other service (insert description)
B35: other service (insert description)
B36: other service (insert description)

Sheet 1.1 Financial summary
B4: Table 1.1.1 Financial Summary
D5: Year
D6: =YEAR(Cover!$C$25)-1&"-"&RIGHT(YEAR(Cover!$C$25),2) -> 1998-99 | E6: =YEAR(Cover!$C$25)&"-"&RIGHT(YEAR(Cover!$C$25)+1,2) -> 1999-00 | F6: =YEAR(Cover!$C$25)+1&"-"&RIGHT(YEAR(Cover!$C$25)+2,2) -> 2000-01 | G6: =YEAR(Cover!$C$25)+2&"-"&RIGHT(YEAR(Cover!$C$25)+3,2) -> 2001-02 | H6: =YEAR(Cover!$C$25)+3&"-"&RIGHT(YEAR(Cover!$C$25)+4,2) -> 2002-03 | I6: =YEAR(Cover!$C$25)+4&"-"&RIGHT(YEAR(Cover!$C$25)+5,2) -> 2003-04 | J6: =YEAR(Cover!$C$25)+5&"-"&RIGHT(YEAR(Cover!$C$25)+6,2) -> 2004-05 | K6: =YEAR(Cover!$C$25)+6&"-"&RIGHT(YEAR(Cover!$C$25)+7,2) -> 2005-06 | L6: =YEAR(Cover!$C$25)+7&"-"&RIGHT(YEAR(Cover!$C$25)+8,2) -> 2006-07 | M6: =YEAR(Cover!$C$25)+8&"-"&RIGHT(YEAR(Cover!$C$25)+9,2) -> 2007-08 | N6: =YEAR(Cover!$C$25)+9&"-"&RIGHT(YEAR(Cover!$C$25)+10,2) -> 2008-09 | O6: =YEAR(Cover!$C$25)+10&"-"&RIGHT(YEAR(Cover!$C$25)+11,2) -> 2009-10 | P6: =YEAR(Cover!$C$25)+11&"-"&RIGHT(YEAR(Cover!$C$25)+12,2) -> 2010-11 | Q6: =YEAR(Cover!$C$25)+12&"-"&RIGHT(YEAR(Cover!$C$25)+13,2) -> 2011-12 | R6: =YEAR(Cover!$C$25)+13&"-"&RIGHT(YEAR(Cover!$C$25)+14,2) -> 2012-13 | S6: =YEAR(Cover!$C$25)+14&"-"&RIGHT(YEAR(Cover!$C$25)+15,2) -> 2013-14 | T6: =YEAR(Cover!$C$25)+15&"-"&RIGHT(YEAR(Cover!$C$25)+16,2) -> 2014-15 | U6: =YEAR(Cover!$C$25)+16&"-"&RIGHT(YEAR(Cover!$C$25)+17,2) -> 2015-16 | V6: =YEAR(Cover!$C$25)+17&"-"&RIGHT(YEAR(Cover!$C$25)+18,2) -> 2016-17 | W6: =YEAR(Cover!$C$25)+18&"-"&RIGHT(YEAR(Cover!$C$25)+19,2) -> 2017-18 | X6: =YEAR(Cover!$C$25)+19&"-"&RIGHT(YEAR(Cover!$C$25)+20,2) -> 2018-19 | Y6: =YEAR(Cover!$C$25)+20&"-"&RIGHT(YEAR(Cover!$C$25)+21,2) -> 2019-20 | Z6: =YEAR(Cover!$C$25)+21&"-"&RIGHT(YEAR(Cover!$C$25)+22,2) -> 2020-21 | AA6: =YEAR(Cover!$C$25)+22&"-"&RIGHT(YEAR(Cover!$C$25)+23,2) -> 2021-22 | AB6: =YEAR(Cover!$C$21)&"-"&RIGHT(YEAR(Cover!$C$23),2) -> 2022-23
B7: Inputs | C7: Guideline Reference
B8: CPI | C8: Section 1.5.2 | E8: ='3. Statement of pipeline assets'!E90 -> 0.031888798 | F8: ='3. Statement of pipeline assets'!F90 -> 0.06022187 | G8: ='3. Statement of pipeline assets'!G90 -> 0.028400598 | H8: ='3. Statement of pipeline assets'!H90 -> 0.026889535 | I8: ='3. Statement of pipeline assets'!I90 -> 0.024769993 | J8: ='3. Statement of pipeline assets'!J90 -> 0.024861878 | K8: ='3. Statement of pipeline assets'!K90 -> 0.039757412 | L8: ='3. Statement of pipeline assets'!L90 -> 0.02073882 | ... AB8: ='3. Statement of pipeline assets'!AB90 -> 0.060269627
B9: Nominal WACC | C9: Section 6 | E9: 0.1055 | F9: 0.1055 | G9: 0.1055 | H9: 0.1055 | I9: 0.1055 | J9: 0.1055 | K9: 0.1055 | L9: 0.1055 | M9: 0.1055 | N9: 0.1055 | O9: 0.1055 | P9: 0.0958625 | Q9: 0.09355 | R9: 0.07354 | S9: 0.0753125 | T9: 0.077025 | U9: 0.0698775 | V9: 0.0571875 | W9: 0.055494416 | X9: 0.05716995 | Y9: 0.04577 | Z9: 0.035444 | AA9: 0.047310774 | AB9: 0.054609329
B10: Opening Asset Base ($m, Nominal) - RAB value | C10: Section 4 | D10: =('3. Statement of pipeline assets'!D12+'3. Statement of pipeline assets'!D19+'3. Statement of pipeline assets'!D25+'3. Statement of pipeline assets'!D31+'3. Statement of pipeline assets'!D37+'3. Statement of pipeline assets'!D43+'3. Statement of pipeline assets'!D49+'3. Statement of pipeline assets'!D55+'3. Statement of pipeline assets'!D61+'3. Statement of pipeline assets'!D74+'3. Statement of pipeline assets'!D85)/1000000 -> 0 | E10: =('3. Statement of pipeline assets'!E12+'3. Statement of pipeline assets'!E19+'3. Statement of pipeline assets'!E25+'3. Statement of pipeline assets'!E31+'3. Statement of pipeline assets'!E37+'3. Statement of pipeline assets'!E43+'3. Statement of pipeline assets'!E49+'3. Statement of pipeline assets'!E55+'3. Statement of pipeline assets'!E61+'3. Statement of pipeline assets'!E74+'3. Statement of pipeline assets'!E85)/1000000 -> 28.48 | F10: =('3. Statement of pipeline assets'!F12+'3. Statement of pipeline assets'!F19+'3. Statement of pipeline assets'!F25+'3. Statement of pipeline assets'!F31+'3. Statement of pipeline assets'!F37+'3. Statement of pipeline assets'!F43+'3. Statement of pipeline assets'!F49+'3. Statement of pipeline assets'!F55+'3. Statement of pipeline assets'!F61+'3. Statement of pipeline assets'!F74+'3. Statement of pipeline assets'!F85)/1000000 -> 28.48 | G10: =('3. Statement of pipeline assets'!G12+'3. Statement of pipeline assets'!G19+'3. Statement of pipeline assets'!G25+'3. Statement of pipeline assets'!G31+'3. Statement of pipeline assets'!G37+'3. Statement of pipeline assets'!G43+'3. Statement of pipeline assets'!G49+'3. Statement of pipeline assets'!G55+'3. Statement of pipeline assets'!G61+'3. Statement of pipeline assets'!G74+'3. Statement of pipeline assets'!G85)/1000000 -> 29.827766 | H10: =('3. Statement of pipeline assets'!H12+'3. Statement of pipeline assets'!H19+'3. Statement of pipeline assets'!H25+'3. Statement of pipeline assets'!H31+'3. Statement of pipeline assets'!H37+'3. Statement of pipeline assets'!H43+'3. Statement of pipeline assets'!H49+'3. Statement of pipeline assets'!H55+'3. Statement of pipeline assets'!H61+'3. Statement of pipeline assets'!H74+'3. Statement of pipeline assets'!H85)/1000000 -> 30.285418 | I10: =('3. Statement of pipeline assets'!I12+'3. Statement of pipeline assets'!I19+'3. Statement of pipeline assets'!I25+'3. Statement of pipeline assets'!I31+'3. Statement of pipeline assets'!I37+'3. Statement of pipeline assets'!I43+'3. Statement of pipeline assets'!I49+'3. Statement of pipeline assets'!I55+'3. Statement of pipeline assets'!I61+'3. Statement of pipeline assets'!I74+'3. Statement of pipeline assets'!I85)/1000000 -> 30.710561 | J10: =('3. Statement of pipeline assets'!J12+'3. Statement of pipeline assets'!J19+'3. Statement of pipeline assets'!J25+'3. Statement of pipeline assets'!J31+'3. Statement of pipeline assets'!J37+'3. Statement of pipeline assets'!J43+'3. Statement of pipeline assets'!J49+'3. Statement of pipeline assets'!J55+'3. Statement of pipeline assets'!J61+'3. Statement of pipeline assets'!J74+'3. Statement of pipeline assets'!J85)/1000000 -> 31.059869 | K10: =('3. Statement of pipeline assets'!K12+'3. Statement of pipeline assets'!K19+'3. Statement of pipeline assets'!K25+'3. Statement of pipeline assets'!K31+'3. Statement of pipeline assets'!K37+'3. Statement of pipeline assets'!K43+'3. Statement of pipeline assets'!K49+'3. Statement of pipeline assets'!K55+'3. Statement of pipeline assets'!K61+'3. Statement of pipeline assets'!K74+'3. Statement of pipeline assets'!K85)/1000000 -> 31.432247 | ... AB10: =('3. Statement of pipeline assets'!AB12+'3. Statement of pipeline assets'!AB19+'3. Statement of pipeline assets'!AB25+'3. Statement of pipeline assets'!AB31+'3. Statement of pipeline assets'!AB37+'3. Statement of pipeline assets'!AB43+'3. Statement of pipeline assets'!AB49+'3. Statement of pipeline assets'!AB55+'3. Statement of pipeline assets'!AB61+'3. Statement of pipeline assets'!AB74+'3. Statement of pipeline assets'!AB85)/1000000 -> 40.170346
B11: Capex ($m, Nominal) | C11: Section 3 | D11: =('3. Statement of pipeline assets'!D13+'3. Statement of pipeline assets'!D20+'3. Statement of pipeline assets'!D26+'3. Statement of pipeline assets'!D32+'3. Statement of pipeline assets'!D38+'3. Statement of pipeline assets'!D44+'3. Statement of pipeline assets'!D50+'3. Statement of pipeline assets'!D56+'3. Statement of pipeline assets'!D75+'3. Statement of pipeline assets'!D86)/1000000 -> 0 | E11: =('3. Statement of pipeline assets'!E13+'3. Statement of pipeline assets'!E20+'3. Statement of pipeline assets'!E26+'3. Statement of pipeline assets'!E32+'3. Statement of pipeline assets'!E38+'3. Statement of pipeline assets'!E44+'3. Statement of pipeline assets'!E50+'3. Statement of pipeline assets'!E56+'3. Statement of pipeline assets'!E62+'3. Statement of pipeline assets'!E68+'3. Statement of pipeline assets'!E75+'3. Statement of pipeline assets'!E81+'3. Statement of pipeline assets'!E86)/1000000 -> 0 | F11: =('3. Statement of pipeline assets'!F13+'3. Statement of pipeline assets'!F20+'3. Statement of pipeline assets'!F26+'3. Statement of pipeline assets'!F32+'3. Statement of pipeline assets'!F38+'3. Statement of pipeline assets'!F44+'3. Statement of pipeline assets'!F50+'3. Statement of pipeline assets'!F56+'3. Statement of pipeline assets'!F62+'3. Statement of pipeline assets'!F68+'3. Statement of pipeline assets'!F75+'3. Statement of pipeline assets'!F81+'3. Statement of pipeline assets'!F86)/1000000 -> 0 | G11: =('3. Statement of pipeline assets'!G13+'3. Statement of pipeline assets'!G20+'3. Statement of pipeline assets'!G26+'3. Statement of pipeline assets'!G32+'3. Statement of pipeline assets'!G38+'3. Statement of pipeline assets'!G44+'3. Statement of pipeline assets'!G50+'3. Statement of pipeline assets'!G56+'3. Statement of pipeline assets'!G62+'3. Statement of pipeline assets'!G68+'3. Statement of pipeline assets'!G75+'3. Statement of pipeline assets'!G81+'3. Statement of pipeline assets'!G86)/1000000 -> 0 | H11: =('3. Statement of pipeline assets'!H13+'3. Statement of pipeline assets'!H20+'3. Statement of pipeline assets'!H26+'3. Statement of pipeline assets'!H32+'3. Statement of pipeline assets'!H38+'3. Statement of pipeline assets'!H44+'3. Statement of pipeline assets'!H50+'3. Statement of pipeline assets'!H56+'3. Statement of pipeline assets'!H62+'3. Statement of pipeline assets'!H68+'3. Statement of pipeline assets'!H75+'3. Statement of pipeline assets'!H81+'3. Statement of pipeline assets'!H86)/1000000 -> 0.011318708 | I11: =('3. Statement of pipeline assets'!I13+'3. Statement of pipeline assets'!I20+'3. Statement of pipeline assets'!I26+'3. Statement of pipeline assets'!I32+'3. Statement of pipeline assets'!I38+'3. Statement of pipeline assets'!I44+'3. Statement of pipeline assets'!I50+'3. Statement of pipeline assets'!I56+'3. Statement of pipeline assets'!I62+'3. Statement of pipeline assets'!I68+'3. Statement of pipeline assets'!I75+'3. Statement of pipeline assets'!I81+'3. Statement of pipeline assets'!I86)/1000000 -> 0.00068940692 | J11: =('3. Statement of pipeline assets'!J13+'3. Statement of pipeline assets'!J20+'3. Statement of pipeline assets'!J26+'3. Statement of pipeline assets'!J32+'3. Statement of pipeline assets'!J38+'3. Statement of pipeline assets'!J44+'3. Statement of pipeline assets'!J50+'3. Statement of pipeline assets'!J56+'3. Statement of pipeline assets'!J62+'3. Statement of pipeline assets'!J68+'3. Statement of pipeline assets'!J75+'3. Statement of pipeline assets'!J81+'3. Statement of pipeline assets'!J86)/1000000 -> 0.022600994 | K11: =('3. Statement of pipeline assets'!K13+'3. Statement of pipeline assets'!K20+'3. Statement of pipeline assets'!K26+'3. Statement of pipeline assets'!K32+'3. Statement of pipeline assets'!K38+'3. Statement of pipeline assets'!K44+'3. Statement of pipeline assets'!K50+'3. Statement of pipeline assets'!K56+'3. Statement of pipeline assets'!K62+'3. Statement of pipeline assets'!K68+'3. Statement of pipeline assets'!K75+'3. Statement of pipeline assets'!K81+'3. Statement of pipeline assets'!K86)/1000000 -> 0.35887951 | L11: =('3. Statement of pipeline assets'!L13+'3. Statement of pipeline assets'!L20+'3. Statement of pipeline assets'!L26+'3. Statement of pipeline assets'!L32+'3. Statement of pipeline assets'!L38+'3. Statement of pipeline assets'!L44+'3. Statement of pipeline assets'!L50+'3. Statement of pipeline assets'!L56+'3. Statement of pipeline assets'!L62+'3. Statement of pipeline assets'!L68+'3. Statement of pipeline assets'!L75+'3. Statement of pipeline assets'!L81+'3. Statement of pipeline assets'!L86)/1000000 -> 0.080338558 | ... AB11: =('3. Statement of pipeline assets'!AB13+'3. Statement of pipeline assets'!AB20+'3. Statement of pipeline assets'!AB26+'3. Statement of pipeline assets'!AB32+'3. Statement of pipeline assets'!AB38+'3. Statement of pipeline assets'!AB44+'3. Statement of pipeline assets'!AB50+'3. Statement of pipeline assets'!AB56+'3. Statement of pipeline assets'!AB62+'3. Statement of pipeline assets'!AB68+'3. Statement of pipeline assets'!AB75+'3. Statement of pipeline assets'!AB81+'3. Statement of pipeline assets'!AB86)/1000000 -> 1.4730195
B12: Total Contribution ($m, Nominal) | C12: Section 3 | E12: 0 | F12: 0 | G12: 0 | H12: 0 | I12: 0 | J12: 0 | K12: 0 | L12: 0 | M12: 0 | N12: 0 | O12: 0 | P12: 0 | Q12: 0 | R12: 0 | S12: 0 | T12: 0 | U12: 0 | V12: 0 | W12: 0 | X12: 0 | Y12: 0 | Z12: 0 | AA12: 0 | AB12: ='2.2 Revenue contributions '!E15+'2.2 Revenue contributions '!E27 -> 0
B13: Disposal (at proceeds) ($m, Nominal) | C13: Section 3 | D13: =('3. Statement of pipeline assets'!D15+'3. Statement of pipeline assets'!D22+'3. Statement of pipeline assets'!D28+'3. Statement of pipeline assets'!D34+'3. Statement of pipeline assets'!D40+'3. Statement of pipeline assets'!D46+'3. Statement of pipeline assets'!D52+'3. Statement of pipeline assets'!D58+'3. Statement of pipeline assets'!D64+'3. Statement of pipeline assets'!D77)/1000000 -> 0 | E13: =-('3. Statement of pipeline assets'!E15+'3. Statement of pipeline assets'!E22+'3. Statement of pipeline assets'!E28+'3. Statement of pipeline assets'!E34+'3. Statement of pipeline assets'!E40+'3. Statement of pipeline assets'!E46+'3. Statement of pipeline assets'!E52+'3. Statement of pipeline assets'!E58+'3. Statement of pipeline assets'!E64+'3. Statement of pipeline assets'!E77)/1000000 -> 0 | F13: =-('3. Statement of pipeline assets'!F15+'3. Statement of pipeline assets'!F22+'3. Statement of pipeline assets'!F28+'3. Statement of pipeline assets'!F34+'3. Statement of pipeline assets'!F40+'3. Statement of pipeline assets'!F46+'3. Statement of pipeline assets'!F52+'3. Statement of pipeline assets'!F58+'3. Statement of pipeline assets'!F64+'3. Statement of pipeline assets'!F77)/1000000 -> 0 | G13: =-('3. Statement of pipeline assets'!G15+'3. Statement of pipeline assets'!G22+'3. Statement of pipeline assets'!G28+'3. Statement of pipeline assets'!G34+'3. Statement of pipeline assets'!G40+'3. Statement of pipeline assets'!G46+'3. Statement of pipeline assets'!G52+'3. Statement of pipeline assets'!G58+'3. Statement of pipeline assets'!G64+'3. Statement of pipeline assets'!G77)/1000000 -> 0 | H13: =-('3. Statement of pipeline assets'!H15+'3. Statement of pipeline assets'!H22+'3. Statement of pipeline assets'!H28+'3. Statement of pipeline assets'!H34+'3. Statement of pipeline assets'!H40+'3. Statement of pipeline assets'!H46+'3. Statement of pipeline assets'!H52+'3. Statement of pipeline assets'!H58+'3. Statement of pipeline assets'!H64+'3. Statement of pipeline assets'!H77)/1000000 -> 0 | I13: =-('3. Statement of pipeline assets'!I15+'3. Statement of pipeline assets'!I22+'3. Statement of pipeline assets'!I28+'3. Statement of pipeline assets'!I34+'3. Statement of pipeline assets'!I40+'3. Statement of pipeline assets'!I46+'3. Statement of pipeline assets'!I52+'3. Statement of pipeline assets'!I58+'3. Statement of pipeline assets'!I64+'3. Statement of pipeline assets'!I77)/1000000 -> 0 | J13: =-('3. Statement of pipeline assets'!J15+'3. Statement of pipeline assets'!J22+'3. Statement of pipeline assets'!J28+'3. Statement of pipeline assets'!J34+'3. Statement of pipeline assets'!J40+'3. Statement of pipeline assets'!J46+'3. Statement of pipeline assets'!J52+'3. Statement of pipeline assets'!J58+'3. Statement of pipeline assets'!J64+'3. Statement of pipeline assets'!J77)/1000000 -> 0 | K13: =-('3. Statement of pipeline assets'!K15+'3. Statement of pipeline assets'!K22+'3. Statement of pipeline assets'!K28+'3. Statement of pipeline assets'!K34+'3. Statement of pipeline assets'!K40+'3. Statement of pipeline assets'!K46+'3. Statement of pipeline assets'!K52+'3. Statement of pipeline assets'!K58+'3. Statement of pipeline assets'!K64+'3. Statement of pipeline assets'!K77)/1000000 -> 0 | L13: =-('3. Statement of pipeline assets'!L15+'3. Statement of pipeline assets'!L22+'3. Statement of pipeline assets'!L28+'3. Statement of pipeline assets'!L34+'3. Statement of pipeline assets'!L40+'3. Statement of pipeline assets'!L46+'3. Statement of pipeline assets'!L52+'3. Statement of pipeline assets'!L58+'3. Statement of pipeline assets'!L64+'3. Statement of pipeline assets'!L77)/1000000 -> 3.3497234e-06 | ... AB13: =-('3. Statement of pipeline assets'!AB15+'3. Statement of pipeline assets'!AB22+'3. Statement of pipeline assets'!AB28+'3. Statement of pipeline assets'!AB34+'3. Statement of pipeline assets'!AB40+'3. Statement of pipeline assets'!AB46+'3. Statement of pipeline assets'!AB52+'3. Statement of pipeline assets'!AB58+'3. Statement of pipeline assets'!AB64+'3. Statement of pipeline assets'!AB77)/1000000 -> 8.7282562e-05
B14: Opex ($m, Nominal) | C14: Section 3 | E14: 0.746652 | F14: 0.79145112 | G14: 0.81361175 | H14: 0.80385775 | I14: 0.98538941 | J14: 0.84684796 | K14: 0.99990759 | L14: 1.1933947 | M14: 0.67755508 | N14: 0.54447018 | O14: 0.67062144 | P14: 0.74112794 | Q14: 0.67821704 | R14: 0.51597196 | S14: 0.38200843 | T14: 0.38650335 | U14: 0.54949422 | V14: 0.5936944 | W14: 0.50161544 | X14: 0.72764402 | Y14: 0.69090221 | Z14: 0.85129929 | AA14: =-SUM('2. Revenues and expenses'!I19:I20,'2. Revenues and expenses'!I22:I26,'2. Revenues and expenses'!I34,'2. Revenues and expenses'!I37)/1000000 -> 0.9478726 | AB14: =-SUM('2. Revenues and expenses'!F19:F20,'2. Revenues and expenses'!F22:F26,'2. Revenues and expenses'!F34,'2. Revenues and expenses'!F37)/1000000 -> 1.2798089
B15: Net Tax Liabilities ($m, Nominal) | C15: Section 3 | E15: 0.30919228 | F15: 0 | G15: 0 | H15: 0.0044707924 | I15: 0.020403093 | J15: 0.023967854 | K15: 0 | L15: 0.060799898 | M15: 0 | N15: 0.085074047 | O15: 0 | P15: 0 | Q15: 0 | R15: 0 | S15: 0 | T15: 0.034045558 | U15: 0.058970923 | V15: 0 | W15: 0 | X15: 0 | Y15: 0.049123665 | Z15: 0 | AA15: 0 | AB15: 0
B18: Building Block Revenue ($m, Nominal) - RAB value | C18: Source
B19: Return on Capital | C19: Formula | D19: =(D10-D12-D13)*D9 -> 0 | E19: =(E10-E12-E13)*E9 -> 3.00464 | F19: =(F10-F12-F13)*F9 -> 3.00464 | G19: =(G10-G12-G13)*G9 -> 3.1468294 | H19: =(H10-H12-H13)*H9 -> 3.1951116 | I19: =(I10-I12-I13)*I9 -> 3.2399642 | J19: =(J10-J12-J13)*J9 -> 3.2768162 | K19: =(K10-K12-K13)*K9 -> 3.316102 | ... AB19: =(AB10-AB12-AB13)*AB9 -> 2.1936709
B20: Return of Capital | C20: RFM output | D20: =-('3. Statement of pipeline assets'!D16+'3. Statement of pipeline assets'!D21+'3. Statement of pipeline assets'!D27+'3. Statement of pipeline assets'!D33+'3. Statement of pipeline assets'!D39+'3. Statement of pipeline assets'!D45+'3. Statement of pipeline assets'!D51+'3. Statement of pipeline assets'!D57+'3. Statement of pipeline assets'!D63+'3. Statement of pipeline assets'!D69+'3. Statement of pipeline assets'!D76+'3. Statement of pipeline assets'!D82) -> 0 | E20: =-('3. Statement of pipeline assets'!E16+'3. Statement of pipeline assets'!E21+'3. Statement of pipeline assets'!E27+'3. Statement of pipeline assets'!E33+'3. Statement of pipeline assets'!E39+'3. Statement of pipeline assets'!E45+'3. Statement of pipeline assets'!E51+'3. Statement of pipeline assets'!E57+'3. Statement of pipeline assets'!E63+'3. Statement of pipeline assets'!E69+'3. Statement of pipeline assets'!E76+'3. Statement of pipeline assets'!E82)/1000000 -> 0 | F20: =-('3. Statement of pipeline assets'!F16+'3. Statement of pipeline assets'!F21+'3. Statement of pipeline assets'!F27+'3. Statement of pipeline assets'!F33+'3. Statement of pipeline assets'!F39+'3. Statement of pipeline assets'!F45+'3. Statement of pipeline assets'!F51+'3. Statement of pipeline assets'!F57+'3. Statement of pipeline assets'!F63+'3. Statement of pipeline assets'!F69+'3. Statement of pipeline assets'!F76+'3. Statement of pipeline assets'!F82)/1000000 -> -1.3477664 | G20: =-('3. Statement of pipeline assets'!G16+'3. Statement of pipeline assets'!G21+'3. Statement of pipeline assets'!G27+'3. Statement of pipeline assets'!G33+'3. Statement of pipeline assets'!G39+'3. Statement of pipeline assets'!G45+'3. Statement of pipeline assets'!G51+'3. Statement of pipeline assets'!G57+'3. Statement of pipeline assets'!G63+'3. Statement of pipeline assets'!G69+'3. Statement of pipeline assets'!G76+'3. Statement of pipeline assets'!G82)/1000000 -> -0.45765134 | H20: =-('3. Statement of pipeline assets'!H16+'3. Statement of pipeline assets'!H21+'3. Statement of pipeline assets'!H27+'3. Statement of pipeline assets'!H33+'3. Statement of pipeline assets'!H39+'3. Statement of pipeline assets'!H45+'3. Statement of pipeline assets'!H51+'3. Statement of pipeline assets'!H57+'3. Statement of pipeline assets'!H63+'3. Statement of pipeline assets'!H69+'3. Statement of pipeline assets'!H76+'3. Statement of pipeline assets'!H82)/1000000 -> -0.41382441 | I20: =-('3. Statement of pipeline assets'!I16+'3. Statement of pipeline assets'!I21+'3. Statement of pipeline assets'!I27+'3. Statement of pipeline assets'!I33+'3. Statement of pipeline assets'!I39+'3. Statement of pipeline assets'!I45+'3. Statement of pipeline assets'!I51+'3. Statement of pipeline assets'!I57+'3. Statement of pipeline assets'!I63+'3. Statement of pipeline assets'!I69+'3. Statement of pipeline assets'!I76+'3. Statement of pipeline assets'!I82)/1000000 -> -0.34861888 | J20: =-('3. Statement of pipeline assets'!J16+'3. Statement of pipeline assets'!J21+'3. Statement of pipeline assets'!J27+'3. Statement of pipeline assets'!J33+'3. Statement of pipeline assets'!J39+'3. Statement of pipeline assets'!J45+'3. Statement of pipeline assets'!J51+'3. Statement of pipeline assets'!J57+'3. Statement of pipeline assets'!J63+'3. Statement of pipeline assets'!J69+'3. Statement of pipeline assets'!J76+'3. Statement of pipeline assets'!J82)/1000000 -> -0.34977665 | K20: =-('3. Statement of pipeline assets'!K16+'3. Statement of pipeline assets'!K21+'3. Statement of pipeline assets'!K27+'3. Statement of pipeline assets'!K33+'3. Statement of pipeline assets'!K39+'3. Statement of pipeline assets'!K45+'3. Statement of pipeline assets'!K51+'3. Statement of pipeline assets'!K57+'3. Statement of pipeline assets'!K63+'3. Statement of pipeline assets'!K69+'3. Statement of pipeline assets'!K76+'3. Statement of pipeline assets'!K82)/1000000 -> -0.81623999 | L20: =-('3. Statement of pipeline assets'!L16+'3. Statement of pipeline assets'!L21+'3. Statement of pipeline assets'!L27+'3. Statement of pipeline assets'!L33+'3. Statement of pipeline assets'!L39+'3. Statement of pipeline assets'!L45+'3. Statement of pipeline assets'!L51+'3. Statement of pipeline assets'!L57+'3. Statement of pipeline assets'!L63+'3. Statement of pipeline assets'!L69+'3. Statement of pipeline assets'!L76+'3. Statement of pipeline assets'!L82)/1000000 -> -0.21788945 | ... AB20: =-('3. Statement of pipeline assets'!AB16+'3. Statement of pipeline assets'!AB21+'3. Statement of pipeline assets'!AB27+'3. Statement of pipeline assets'!AB33+'3. Statement of pipeline assets'!AB39+'3. Statement of pipeline assets'!AB45+'3. Statement of pipeline assets'!AB51+'3. Statement of pipeline assets'!AB57+'3. Statement of pipeline assets'!AB63+'3. Statement of pipeline assets'!AB69+'3. Statement of pipeline assets'!AB76+'3. Statement of pipeline assets'!AB82)/1000000 -> -1.5386796
B21: Operating Expenditure | C21: As above | D21: =D14 -> 0 | E21: =E14 -> 0.746652 | F21: =F14 -> 0.79145112 | G21: =G14 -> 0.81361175 | H21: =H14 -> 0.80385775 | I21: =I14 -> 0.98538941 | J21: =J14 -> 0.84684796 | K21: =K14 -> 0.99990759 | ... AB21: =AB14 -> 1.2798089
B22: Net Tax Liabilities | C22: As above | D22: =D15 -> 0 | E22: =E15 -> 0.30919228 | F22: =F15 -> 0 | G22: =G15 -> 0 | H22: =H15 -> 0.0044707924 | I22: =I15 -> 0.020403093 | J22: =J15 -> 0.023967854 | K22: =K15 -> 0 | ... AB22: =AB15 -> 0
B23: Estimated Revenue (Based on RAB value) | D23: =SUM(D19:D22) -> 0 | E23: =SUM(E19:E22) -> 4.0604843 | F23: =SUM(F19:F22) -> 2.4483247 | G23: =SUM(G19:G22) -> 3.5027898 | H23: =SUM(H19:H22) -> 3.5896157 | I23: =SUM(I19:I22) -> 3.8971378 | J23: =SUM(J19:J22) -> 3.7978554 | K23: =SUM(K19:K22) -> 3.4997696 | ... AB23: =SUM(AB19:AB22) -> 1.9348001
B26: Actual Revenue | E26: 1.5113508 | F26: 1.6023672 | G26: 1.6478754 | H26: 1.692186 | I26: 1.6427452 | J26: 1.639071 | K26: 1.4898906 | L26: 2.6371815 | M26: 2.6729043 | N26: 2.6231253 | O26: 2.9598906 | P26: 3.2370563 | Q26: 3.3869982 | R26: 3.365424 | S26: 3.2192402 | T26: 3.4422468 | U26: 3.8029654 | V26: 3.7304629 | W26: 3.863571 | X26: 3.9318032 | Y26: 4.1818539 | Z26: 4.3197507 | AA26: ='2. Revenues and expenses'!I17/1000000 -> 4.4258416 | AB26: ='2. Revenues and expenses'!F17/1000000 -> 4.9236243
B29: Recovered Capital ($m, Nominal) - if applicable | C29: Source
B30: Operating Expenditure | C30: 4. Recovered Capital | E30: N/A | F30: N/A | G30: N/A | H30: N/A | I30: N/A | J30: N/A | K30: N/A | L30: N/A | M30: N/A | N30: N/A | O30: N/A | P30: N/A | Q30: N/A | R30: N/A | S30: N/A | T30: N/A | U30: N/A | V30: N/A | W30: N/A | X30: N/A | Y30: N/A | Z30: N/A | AA30: N/A | AB30: N/A
B31: Net Tax Liabilities | C31: 4. Recovered Capital | E31: N/A | F31: N/A | G31: N/A | H31: N/A | I31: N/A | J31: N/A | K31: N/A | L31: N/A | M31: N/A | N31: N/A | O31: N/A | P31: N/A | Q31: N/A | R31: N/A | S31: N/A | T31: N/A | U31: N/A | V31: N/A | W31: N/A | X31: N/A | Y31: N/A | Z31: N/A | AA31: N/A | AB31: N/A
B32: Return on Capital | C32: 4. Recovered Capital | E32: N/A | F32: N/A | G32: N/A | H32: N/A | I32: N/A | J32: N/A | K32: N/A | L32: N/A | M32: N/A | N32: N/A | O32: N/A | P32: N/A | Q32: N/A | R32: N/A | S32: N/A | T32: N/A | U32: N/A | V32: N/A | W32: N/A | X32: N/A | Y32: N/A | Z32: N/A | AA32: N/A | AB32: N/A
B33: Return of Capital | C33: 4. Recovered Capital | E33: N/A | F33: N/A | G33: N/A | H33: N/A | I33: N/A | J33: N/A | K33: N/A | L33: N/A | M33: N/A | N33: N/A | O33: N/A | P33: N/A | Q33: N/A | R33: N/A | S33: N/A | T33: N/A | U33: N/A | V33: N/A | W33: N/A | X33: N/A | Y33: N/A | Z33: N/A | AA33: N/A | AB33: N/A
B34: Opening Asset Base ($m, Nominal) - RCM value | C34: 4. Recovered Capital | E34: N/A | F34: N/A | G34: N/A | H34: N/A | I34: N/A | J34: N/A | K34: N/A | L34: N/A | M34: N/A | N34: N/A | O34: N/A | P34: N/A | Q34: N/A | R34: N/A | S34: N/A | T34: N/A | U34: N/A | V34: N/A | W34: N/A | X34: N/A | Y34: N/A | Z34: N/A | AA34: N/A | AB34: N/A

Sheet 2. Revenues and expenses
B1: Statement of pipeline revenues and expenses
B2: =Tradingname -> APT Pipelines (NSW) Pty Limited
B3: Year ending | C3: =Yearending -> 45107
B5: Table 2.1: Statement of pipeline revenues and expenses
D7: Reporting period | G7: Previous reporting period
B8: Basis of Preparation reference | C8: Description | D8: Amounts excluding related party transactions | E8: Related party transactions | F8: Total | G8: Amounts excluding related party transactions | H8: Related party transactions | I8: Total
D9: $ nominal | E9: $ nominal | F9: $ nominal | G9: $ nominal | H9: $ nominal | I9: $ nominal
C10: Direct revenue
B11: 3.3.1 | C11: Total service revenue | D11: ='2.1 Revenue by service'!D24-D12 -> 4923624.3 | E11: ='2.1 Revenue by service'!E24-E12 -> 0 | F11: ='2.1 Revenue by service'!F24 -> 4923624.3 | G11: 4425841.6 | H11: 0 | I11: =SUM(G11:H11) -> 4425841.6
B12: 3.3.1 | C12: Other direct revenue | D12: 0 | E12: ='2.1 Revenue by service'!E23 -> 0 | F12: =SUM(D12:E12) -> 0 | G12: 0 | H12: 0 | I12: =SUM(G12:H12) -> 0
C13: Total direct revenue | D13: =SUM(D11:D12) -> 4923624.3 | E13: =SUM(E11:E12) -> 0 | F13: =SUM(F11:F12) -> 4923624.3 | G13: =SUM(G11:G12) -> 4425841.6 | H13: =SUM(H11:H12) -> 0 | I13: =SUM(G13:H13) -> 4425841.6
C14: Indirect revenue allocated
B15: 3.3.1 | C15: Other revenue | D15: ='2.3 Indirect revenue'!G36 -> 0 | E15: ='2.3 Indirect revenue'!H36 -> 0 | F15: =SUM(D15:E15) -> 0 | G15: 0 | H15: 0 | I15: =SUM(G15:H15) -> 0
C16: Total indirect revenue allocated | D16: =SUM(D15:D15) -> 0 | E16: =SUM(E15:E15) -> 0 | F16: =SUM(F15:F15) -> 0 | G16: =SUM(G15:G15) -> 0 | H16: =SUM(H15:H15) -> 0 | I16: =SUM(I15:I15) -> 0
C17: Total revenue | D17: =D13+D16 -> 4923624.3 | E17: =E13+E16 -> 0 | F17: =F13+F16 -> 4923624.3 | G17: =G13+G16 -> 4425841.6 | H17: =H13+H16 -> 0 | I17: =I13+I16 -> 4425841.6
C18: Direct costs
B19: 3.3.2 | C19: Repairs and maintenance | D19: 0 | E19: 0 | F19: =SUM(D19:E19) -> 0 | G19: 0 | H19: 0 | I19: =SUM(G19:H19) -> 0
B20: 3.3.2 | C20: Wages | D20: -446511.85 | E20: 0 | F20: =SUM(D20:E20) -> -446511.85 | G20: -471217.56 | H20: 0 | I20: =SUM(G20:H20) -> -471217.56
B21: 3.3.2.1 | C21: Depreciation | D21: 1693469.4 | E21: 0 | F21: =SUM(D21:E21) -> 1693469.4 | G21: 1677565.4 | H21: 0 | I21: =SUM(G21:H21) -> 1677565.4
B22: 3.3.2 | C22: Insurance | D22: 0 | E22: 0 | F22: =SUM(D22:E22) -> 0 | G22: 0 | H22: 0 | I22: =SUM(G22:H22) -> 0
B23: 3.3.2 | C23: Licence and regulatory costs | D23: -21497 | E23: 0 | F23: =SUM(D23:E23) -> -21497 | G23: -32375.99 | H23: 0 | I23: =SUM(G23:H23) -> -32375.99
B24: 3.3.2 | C24: Directly attributable finance charges | D24: 0 | E24: 0 | F24: =SUM(D24:E24) -> 0 | G24: 0 | H24: 0 | I24: =SUM(G24:H24) -> 0
B25: 3.3.2 | C25: Leasing and rental costs | D25: 0 | E25: 0 | F25: =SUM(D25:E25) -> 0 | G25: 0 | H25: 0 | I25: =SUM(G25:H25) -> 0
B26: 3.3.2 | C26: Other direct costs | D26: -191132.17 | E26: 0 | F26: =SUM(D26:E26) -> -191132.17 | G26: -104124.69 | H26: 0 | I26: =SUM(G26:H26) -> -104124.69
C27: Total direct costs | D27: =SUM(D19:D26) -> 1034328.4 | E27: =SUM(E19:E26) -> 0 | F27: =SUM(F19:F26) -> 1034328.4 | G27: =SUM(G19:G26) -> 1069847.1 | H27: =SUM(H19:H26) -> 0 | I27: =SUM(I19:I26) -> 1069847.1
C28: Shared costs
C29: Employee costs | D29: =SUMIF('2.4 Shared costs'!$C$9:$C$35,'2. Revenues and expenses'!$C29,'2.4 Shared costs'!H$9:H$35) -> 0 | E29: =SUMIF('2.4 Shared costs'!$C$9:$C$35,'2. Revenues and expenses'!$C29,'2.4 Shared costs'!I$9:I$35) -> 0 | F29: =SUM(D29:E29) -> 0 | G29: 0 | H29: 0 | I29: =SUM(G29:H29) -> 0
C30: Information technology and communication costs | D30: =SUMIF('2.4 Shared costs'!$C$9:$C$35,'2. Revenues and expenses'!$C30,'2.4 Shared costs'!H$9:H$35) -> 0 | E30: =SUMIF('2.4 Shared costs'!$C$9:$C$35,'2. Revenues and expenses'!$C30,'2.4 Shared costs'!I$9:I$35) -> 0 | F30: =SUM(D30:E30) -> 0 | G30: 0 | H30: 0 | I30: =SUM(G30:H30) -> 0
C31: Indirect operating Expenses | D31: =SUMIF('2.4 Shared costs'!$C$9:$C$35,'2. Revenues and expenses'!$C31,'2.4 Shared costs'!H$9:H$35) -> 0 | E31: =SUMIF('2.4 Shared costs'!$C$9:$C$35,'2. Revenues and expenses'!$C31,'2.4 Shared costs'!I$9:I$35) -> 0 | F31: =SUM(D31:E31) -> 0 | G31: 0 | H31: 0 | I31: =SUM(G31:H31) -> 0
B32: 3.3.2.1 | C32: Shared asset depreciation | D32: =SUMIF('2.4 Shared costs'!$C$9:$C$35,'2. Revenues and expenses'!$C32,'2.4 Shared costs'!H$9:H$35) -> -154789.77 | E32: =SUMIF('2.4 Shared costs'!$C$9:$C$35,'2. Revenues and expenses'!$C32,'2.4 Shared costs'!I$9:I$35) -> 0 | F32: =SUM(D32:E32) -> -154789.77 | G32: -90631.153 | H32: 0 | I32: =SUM(G32:H32) -> -90631.153
C33: Rental and leasing costs | D33: =SUMIF('2.4 Shared costs'!$C$9:$C$35,'2. Revenues and expenses'!$C33,'2.4 Shared costs'!H$9:H$35) -> 0 | E33: =SUMIF('2.4 Shared costs'!$C$9:$C$35,'2. Revenues and expenses'!$C33,'2.4 Shared costs'!I$9:I$35) -> 0 | F33: =SUM(D33:E33) -> 0 | G33: 0 | H33: 0 | I33: =SUM(G33:H33) -> 0
B34: 3.3.2.3 | C34: Borrowing costs | D34: =SUMIF('2.4 Shared costs'!$C$9:$C$35,'2. Revenues and expenses'!$C34,'2.4 Shared costs'!H$9:H$35) -> -23841.583 | E34: =SUMIF('2.4 Shared costs'!$C$9:$C$35,'2. Revenues and expenses'!$C34,'2.4 Shared costs'!I$9:I$35) -> 0 | F34: =SUM(D34:E34) -> -23841.583 | G34: -22420.728 | H34: 0 | I34: =SUM(G34:H34) -> -22420.728
C35: Loss from sale of shared fixed assets | D35: =SUMIF('2.4 Shared costs'!$C$9:$C$35,'2. Revenues and expenses'!$C35,'2.4 Shared costs'!H$9:H$35) -> 0 | E35: =SUMIF('2.4 Shared costs'!$C$9:$C$35,'2. Revenues and expenses'!$C35,'2.4 Shared costs'!I$9:I$35) -> 0 | F35: =SUM(D35:E35) -> 0 | G35: 0 | H35: 0 | I35: =SUM(G35:H35) -> 0
C36: Impairment Losses (nature of the impairment loss) | D36: =SUMIF('2.4 Shared costs'!$C$9:$C$35,'2. Revenues and expenses'!$C36,'2.4 Shared costs'!H$9:H$35) -> 0 | E36: =SUMIF('2.4 Shared costs'!$C$9:$C$35,'2. Revenues and expenses'!$C36,'2.4 Shared costs'!I$9:I$35) -> 0 | F36: =SUM(D36:E36) -> 0 | G36: 0 | H36: 0 | I36: =SUM(G36:H36) -> 0
B37: 3.3.2.2 | C37: Other shared costs | D37: =SUMIF('2.4 Shared costs'!$C$9:$C$35,'2. Revenues and expenses'!$C37,'2.4 Shared costs'!H$9:H$35) -> -596826.28 | E37: =SUMIF('2.4 Shared costs'!$C$9:$C$35,'2. Revenues and expenses'!$C37,'2.4 Shared costs'!I$9:I$35) -> 0 | F37: =SUM(D37:E37) -> -596826.28 | G37: -317733.64 | H37: 0 | I37: =SUM(G37:H37) -> -317733.64
C38: Total shared costs allocated | D38: =SUM(D29:D37) -> -775457.63 | E38: =SUM(E29:E37) -> 0 | F38: =SUM(F29:F37) -> -775457.63 | G38: =SUM(G29:G37) -> -430785.52 | H38: =SUM(H29:H37) -> 0 | I38: =SUM(I29:I37) -> -430785.52
C39: Total costs | D39: =D27+D38 -> 258870.76 | E39: =E27+E38 -> 0 | F39: =F27+F38 -> 258870.76 | G39: =G27+G38 -> 639061.62 | H39: =H27+H38 -> 0 | I39: =I27+I38 -> 639061.62
C40: Earnings before Interest and tax (EBIT) | D40: =D17+D39 -> 5182495.1 | E40: =E17+E39 -> 0 | F40: =F17+F39 -> 5182495.1 | G40: =G17+G39 -> 5064903.2 | H40: =H17+H39 -> 0 | I40: =I17+I39 -> 5064903.2

Sheet 2.1 Revenue by service
B1: Revenue by service
B2: =Tradingname -> APT Pipelines (NSW) Pty Limited
B3: Year ending | C3: =Yearending -> 45107
B5: Table 2.1.1: Revenue by service
D7: Reporting period | G7: Previous reporting period
B8: Basis of Preparation reference | C8: Description | D8: Amounts excluding related party transactions | E8: Related party transactions | F8: Total | G8: Amounts excluding related party transactions | H8: Related party transactions | I8: Total
D9: $ nominal | E9: $ nominal | F9: $ nominal | G9: $ nominal | H9: $ nominal | I9: $ nominal
C10: Direct revenue
B11: 3.3.1 | C11: Firm forward haul transportation services | D11: 4923624.3 | E11: 0 | F11: =SUM(D11:E11) -> 4923624.3 | G11: 4415553.9 | H11: 0 | I11: =SUM(G11:H11) -> 4415553.9
C12: Interruptible or as available transportation services | D12: 0 | E12: 0 | F12: =SUM(D12:E12) -> 0 | G12: 0 | H12: 0 | I12: =SUM(G12:H12) -> 0
C13: Backhaul services | D13: 0 | E13: 0 | F13: =SUM(D13:E13) -> 0 | G13: 0 | H13: 0 | I13: =SUM(G13:H13) -> 0
C14: Firm stand-alone compression service | D14: 0 | E14: 0 | F14: =SUM(D14:E14) -> 0 | G14: 0 | H14: 0 | I14: =SUM(G14:H14) -> 0
C15: Interruptible or as available stand-alone compression service | D15: 0 | E15: 0 | F15: =SUM(D15:E15) -> 0 | G15: 0 | H15: 0 | I15: =SUM(G15:H15) -> 0
C16: Park and park and loan services | D16: 0 | E16: 0 | F16: =SUM(D16:E16) -> 0 | G16: 0 | H16: 0 | I16: =SUM(G16:H16) -> 0
B17: 3.3.1 | C17: Capacity trading service | D17: 0 | E17: 0 | F17: =SUM(D17:E17) -> 0 | G17: 10287.7 | H17: 0 | I17: =SUM(G17:H17) -> 10287.7
C18: In pipe trading service | D18: 0 | E18: 0 | F18: =SUM(D18:E18) -> 0 | G18: 0 | H18: 0 | I18: =SUM(G18:H18) -> 0
C19: Distribution/transmission revenue | D19: 0 | E19: 0 | F19: =SUM(D19:E19) -> 0 | G19: 0 | H19: 0 | I19: =SUM(G19:H19) -> 0
C20: Customer contribution revenue | D20: ='2.2 Revenue contributions '!C15 -> 0 | E20: ='2.2 Revenue contributions '!D15 -> 0 | F20: ='2.2 Revenue contributions '!E15 -> 0 | G20: 0 | H20: 0 | I20: =SUM(G20:H20) -> 0
C21: Government contribution revenue | D21: ='2.2 Revenue contributions '!C27 -> 0 | E21: ='2.2 Revenue contributions '!D27 -> 0 | F21: ='2.2 Revenue contributions '!D27 -> 0 | G21: 0 | H21: 0 | I21: =SUM(G21:H21) -> 0
C22: Profit from sale of fixed assets | D22: 0 | E22: 0 | F22: =SUM(D22:E22) -> 0 | G22: 0 | H22: 0 | I22: =SUM(G22:H22) -> 0
C23: Other direct revenue | D23: 0 | E23: 0 | F23: =SUM(D23:E23) -> 0 | G23: 0 | H23: 0 | I23: =SUM(G23:H23) -> 0
C24: Total direct revenue | D24: =SUM(D11:D23) -> 4923624.3 | E24: =SUM(E11:E23) -> 0 | F24: =SUM(F11:F23) -> 4923624.3 | G24: =SUM(G11:G23) -> 4425841.6 | H24: =SUM(H11:H23) -> 0 | I24: =SUM(I11:I23) -> 4425841.6

Sheet 2.2 Revenue contributions 
B1: Revenue - contributions
B2: =Tradingname -> APT Pipelines (NSW) Pty Limited
B3: Year ending | C3: =Yearending -> 45107
B5: Table 2.2.1: Customer contributions received
B7: Description | C7: Amounts excluding related party transactions | D7: Related party transactions | E7: Total
C8: $ nominal | D8: $ nominal | E8: $ nominal
E9: =SUM(C9:D9) -> 0
E10: =SUM(C10:D10) -> 0
E11: =SUM(C11:D11) -> 0
E12: =SUM(C12:D12) -> 0
E13: =SUM(C13:D13) -> 0
E14: =SUM(C14:D14) -> 0
B15: Total | C15: =SUM(C9:C14) -> 0 | D15: =SUM(D9:D14) -> 0 | E15: =SUM(E9:E14) -> 0
B17: Table 2.2.2: Government contributions received
B19: Description | C19: Amounts excluding related party transactions | D19: Related party transactions | E19: Total
C20: $ nominal | D20: $ nominal | E20: $ nominal
E21: =SUM(C21:D21) -> 0
E22: =SUM(C22:D22) -> 0
E23: =SUM(C23:D23) -> 0
E24: =SUM(C24:D24) -> 0
E25: =SUM(C25:D25) -> 0
E26: =SUM(C26:D26) -> 0
B27: Total | C27: =SUM(C21:C26) -> 0 | D27: =SUM(D21:D26) -> 0 | E27: =SUM(E21:E26) -> 0

Sheet 2.3 Indirect revenue
B1: Indirect revenue
B2: =Tradingname -> APT Pipelines (NSW) Pty Limited
B3: Year ending | C3: =Yearending -> 45107
B5: Table 2.3.1: Indirect revenue allocation
B7: Basis of Preparation reference | C7: Description | D7: Indirect revenue excluding related parties | E7: Indirect revenue from related parties | F7: % allocated to pipeline | G7: Total allocated to pipeline excluding related parties | H7: Total related party amounts allocated to pipeline
C8: (list each individual revenue item) | D8: $ nominal | E8: $ nominal | G8: $ nominal | H8: $ nominal
G9: =D9*F9 -> 0 | H9: =E9*F9 -> 0
G10: =D10*F10 -> 0 | H10: =E10*F10 -> 0
G11: =D11*F11 -> 0 | H11: =E11*F11 -> 0
G12: =D12*F12 -> 0 | H12: =E12*F12 -> 0
G13: =D13*F13 -> 0 | H13: =E13*F13 -> 0
G14: =D14*F14 -> 0 | H14: =E14*F14 -> 0
G15: =D15*F15 -> 0 | H15: =E15*F15 -> 0
G16: =D16*F16 -> 0 | H16: =E16*F16 -> 0
G17: =D17*F17 -> 0 | H17: =E17*F17 -> 0
G18: =D18*F18 -> 0 | H18: =E18*F18 -> 0
G19: =D19*F19 -> 0 | H19: =E19*F19 -> 0
G20: =D20*F20 -> 0 | H20: =E20*F20 -> 0
... G35: =D35*F35 -> 0 | H35: =E35*F35 -> 0
C36: Total | D36: =SUM(D9:D35) -> 0 | E36: =SUM(E9:E35) -> 0 | G36: =SUM(G9:G35) -> 0 | H36: =SUM(H9:H35) -> 0

Sheet 2.4 Shared costs
B1: Shared costs
B2: =Tradingname -> APT Pipelines (NSW) Pty Limited
B3: Year ending | C3: =Yearending -> 45107
B5: Table 2.4.1: Shared cost allocation
B7: Basis of Preparation reference | C7: Description | D7: Income statement account applied to | E7: Shared costs excluding related parties | F7: Shared costs paid to related parties | G7: % allocated to pipeline | H7: Total allocated to pipeline excluding related parties | I7: Total related party amounts allocated to pipeline
C8: (list each individual cost) | E8: $ nominal | F8: $ nominal | H8: $ nominal | I8: $ nominal
C9: Employee costs | H9: =E9*G9 -> 0 | I9: =F9*G9 -> 0
C10: Information technology and communication costs | H10: =E10*G10 -> 0 | I10: =F10*G10 -> 0
C11: Indirect operating Expenses | H11: =E11*G11 -> 0 | I11: =F11*G11 -> 0
B12: 3.3.2.1 | C12: Shared asset depreciation | E12: -56165131 | G12: =('3. Statement of pipeline assets'!AB76+'3. Statement of pipeline assets'!AB82)/E12 -> 0.0027559764 | H12: =E12*G12 -> -154789.77 | I12: =F12*G12 -> 0
C13: Rental and leasing costs | H13: =E13*G13 -> 0 | I13: =F13*G13 -> 0
B14: 3.3.2.3 | C14: Borrowing costs | E14: -23841.583 | G14: 1 | H14: =E14*G14 -> -23841.583 | I14: =F14*G14 -> 0
C15: Loss from sale of shared fixed assets | H15: =E15*G15 -> 0 | I15: =F15*G15 -> 0
C16: Impairment Losses (nature of the impairment loss) | H16: =E16*G16 -> 0 | I16: =F16*G16 -> 0
C17: Other shared costs | E17: =SUM(E18:E35) -> -1.8844495e+08 | F17: =SUM(F18:F35) -> 0 | H17: =SUM(H18:H35) -> -596826.28 | I17: =SUM(I18:I35) -> 0
B18: 3.3.2.2 | C18: Corporate operating expenditure | E18: -1.8710374e+08 | G18: 0.0031671121 | H18: =E18*G18 -> -592578.51 | I18: =F18*G18 -> 0
B19: 3.3.2.2 | C19: Shared leased asset interest | E19: -1341212.8 | G19: 0.0031671121 | H19: =E19*G19 -> -4247.7714 | I19: =F19*G19 -> 0
H20: =E20*G20 -> 0 | I20: =F20*G20 -> 0
H21: =E21*G21 -> 0 | I21: =F21*G21 -> 0
H22: =E22*G22 -> 0 | I22: =F22*G22 -> 0
H23: =E23*G23 -> 0 | I23: =F23*G23 -> 0
H24: =E24*G24 -> 0 | I24: =F24*G24 -> 0
H25: =E25*G25 -> 0 | I25: =F25*G25 -> 0
H26: =E26*G26 -> 0 | I26: =F26*G26 -> 0
H27: =E27*G27 -> 0 | I27: =F27*G27 -> 0
H28: =E28*G28 -> 0 | I28: =F28*G28 -> 0
H29: =E29*G29 -> 0 | I29: =F29*G29 -> 0
H30: =E30*G30 -> 0 | I30: =F30*G30 -> 0
H31: =E31*G31 -> 0 | I31: =F31*G31 -> 0
... H35: =E35*G35 -> 0 | I35: =F35*G35 -> 0
C36: Total | E36: =SUM(E9:E17) -> -2.4463392e+08 | F36: =SUM(F9:F17) -> 0 | H36: =SUM(H9:H17) -> -775457.63 | I36: =SUM(I9:I17) -> 0

Sheet 3. Statement of pipeline assets
B1: Statement of pipeline assets
C2: =Tradingname -> APT Pipelines (NSW) Pty Limited
C3: Year ending | D3: =Yearending -> 45107
C4: Date RAB established | D4: =Cover!C25 -> 36342
C5: RAB at date established | D5: 28480000
B7: Table 3.1: Pipeline assets
D8: Year
B9: Basis of Preparation reference | C9: Description | D9: =YEAR(Cover!$C$25)-1&"-"&RIGHT(YEAR(Cover!$C$25),2) -> 1998-99 | E9: =YEAR(Cover!$C$25)&"-"&RIGHT(YEAR(Cover!$C$25)+1,2) -> 1999-00 | F9: =YEAR(Cover!$C$25)+1&"-"&RIGHT(YEAR(Cover!$C$25)+2,2) -> 2000-01 | G9: =YEAR(Cover!$C$25)+2&"-"&RIGHT(YEAR(Cover!$C$25)+3,2) -> 2001-02 | H9: =YEAR(Cover!$C$25)+3&"-"&RIGHT(YEAR(Cover!$C$25)+4,2) -> 2002-03 | I9: =YEAR(Cover!$C$25)+4&"-"&RIGHT(YEAR(Cover!$C$25)+5,2) -> 2003-04 | J9: =YEAR(Cover!$C$25)+5&"-"&RIGHT(YEAR(Cover!$C$25)+6,2) -> 2004-05 | K9: =YEAR(Cover!$C$25)+6&"-"&RIGHT(YEAR(Cover!$C$25)+7,2) -> 2005-06 | L9: =YEAR(Cover!$C$25)+7&"-"&RIGHT(YEAR(Cover!$C$25)+8,2) -> 2006-07 | M9: =YEAR(Cover!$C$25)+8&"-"&RIGHT(YEAR(Cover!$C$25)+9,2) -> 2007-08 | N9: =YEAR(Cover!$C$25)+9&"-"&RIGHT(YEAR(Cover!$C$25)+10,2) -> 2008-09 | O9: =YEAR(Cover!$C$25)+10&"-"&RIGHT(YEAR(Cover!$C$25)+11,2) -> 2009-10 | P9: =YEAR(Cover!$C$25)+11&"-"&RIGHT(YEAR(Cover!$C$25)+12,2) -> 2010-11 | Q9: =YEAR(Cover!$C$25)+12&"-"&RIGHT(YEAR(Cover!$C$25)+13,2) -> 2011-12 | R9: =YEAR(Cover!$C$25)+13&"-"&RIGHT(YEAR(Cover!$C$25)+14,2) -> 2012-13 | S9: =YEAR(Cover!$C$25)+14&"-"&RIGHT(YEAR(Cover!$C$25)+15,2) -> 2013-14 | T9: =YEAR(Cover!$C$25)+15&"-"&RIGHT(YEAR(Cover!$C$25)+16,2) -> 2014-15 | U9: =YEAR(Cover!$C$25)+16&"-"&RIGHT(YEAR(Cover!$C$25)+17,2) -> 2015-16 | V9: =YEAR(Cover!$C$25)+17&"-"&RIGHT(YEAR(Cover!$C$25)+18,2) -> 2016-17 | W9: =YEAR(Cover!$C$25)+18&"-"&RIGHT(YEAR(Cover!$C$25)+19,2) -> 2017-18 | X9: =YEAR(Cover!$C$25)+19&"-"&RIGHT(YEAR(Cover!$C$25)+20,2) -> 2018-19 | Y9: =YEAR(Cover!$C$25)+20&"-"&RIGHT(YEAR(Cover!$C$25)+21,2) -> 2019-20 | Z9: =YEAR(Cover!$C$25)+21&"-"&RIGHT(YEAR(Cover!$C$25)+22,2) -> 2020-21 | AA9: =YEAR(Cover!$C$25)+22&"-"&RIGHT(YEAR(Cover!$C$25)+23,2) -> 2021-22 | AB9: =YEAR(Cover!$C$21)&"-"&RIGHT(YEAR(Cover!$C$23),2) -> 2022-23
C11: Pipelines | D11: $ | E11: $ | F11: $ | G11: $ | H11: $ | I11: $ | J11: $ | K11: $ | L11: $ | M11: $ | N11: $ | O11: $ | P11: $ | Q11: $ | R11: $ | S11: $ | T11: $ | U11: $ | V11: $ | W11: $ | X11: $ | Y11: $ | Z11: $ | AA11: $ | AB11: $
B12: 3.4 | C12: Nominal Opening Regulatory Asset Base | E12: =D17 -> 28480000 | F12: =E17 -> 28480000 | G12: =F17 -> 29827766 | H12: =G17 -> 30285418 | I12: =H17 -> 30699242 | J12: =I17 -> 31048356 | K12: =J17 -> 31420327 | L12: =K17 -> 32237268 | ... AB12: =AA17 -> 38630853
B13: 3.4 | C13: Nominal Capex | E13: 0 | F13: 0 | G13: 0 | H13: 0 | I13: 0 | J13: 21545.496 | K13: 0 | L13: 0 | M13: 0 | N13: 0 | O13: 327294.91 | P13: 0 | Q13: 0 | R13: 344987.79 | S13: 0 | T13: 136955.52 | U13: 0 | V13: 0 | W13: 0 | X13: 0 | Y13: 0 | Z13: 625738.09 | AA13: 1469.1861 | AB13: 0
C14: Total capitalised pipeline construction costs | D14: =D5 -> 28480000 | E14: =E12+E13 -> 28480000 | F14: =F12+F13 -> 28480000 | G14: =G12+G13 -> 29827766 | H14: =H12+H13 -> 30285418 | I14: =I12+I13 -> 30699242 | J14: =J12+J13 -> 31069901 | K14: =K12+K13 -> 31420327 | L14: =L12+L13 -> 32237268 | ... AB14: =AB12+AB13 -> 38630853
B15: 3.4 | C15: Less Asset disposal (at cost) | E15: 0 | F15: 0 | G15: 0 | H15: 0 | I15: 0 | J15: 0 | K15: 0 | L15: 0 | M15: 0 | N15: 0 | O15: 0 | P15: 0 | Q15: 0 | R15: 0 | S15: 0 | T15: 0 | U15: 0 | V15: 0 | W15: 0 | X15: 0 | Y15: 0 | Z15: 0 | AA15: 0 | AB15: 0
B16: 3.4 | C16: Less Nominal Actual Regulatory Depreciation | E16: 0 | F16: 1347766.4 | G16: 457651.34 | H16: 413824.41 | I16: 349113.39 | J16: 350425.76 | K16: 816941.04 | L16: 219127.93 | M16: 1004358 | N16: 8448.4703 | O16: 535686.65 | P16: 732109.37 | Q16: -109926.26 | R16: 306493.69 | S16: 527585.86 | T16: -16674.949 | U16: -201869.96 | V16: 118435.31 | W16: 161615.23 | X16: -23408.053 | Y16: -738248.33 | Z16: 780067.03 | AA16: 1653339.2 | AB16: 1671468.5
C17: Closing pipeline carrying value | D17: =SUM(D14:D16) -> 28480000 | E17: =SUM(E14:E16) -> 28480000 | F17: =SUM(F14:F16) -> 29827766 | G17: =SUM(G14:G16) -> 30285418 | H17: =SUM(H14:H16) -> 30699242 | I17: =SUM(I14:I16) -> 31048356 | J17: =SUM(J14:J16) -> 31420327 | K17: =SUM(K14:K16) -> 32237268 | ... AB17: =SUM(AB14:AB16) -> 40302321
C18: Compressors
B19: 3.4 | C19: Nominal Opening Regulatory Asset Base | E19: =D23 -> 0 | F19: =E23 -> 0 | G19: =F23 -> 0 | H19: =G23 -> 0 | I19: =H23 -> 0 | J19: =I23 -> 0 | K19: =J23 -> 0 | L19: =K23 -> 0 | ... Z19: =Y23 -> 0 | AA19: =Y23 -> 0 | AB19: =Z23 -> 0
B20: 3.4 | C20: Additions and improvements capitalised | E20: 0 | F20: 0 | G20: 0 | H20: 0 | I20: 0 | J20: 0 | K20: 0 | L20: 0 | M20: 0 | N20: 0 | O20: 0 | P20: 0 | Q20: 0 | R20: 0 | S20: 0 | T20: 0 | U20: 0 | V20: 0 | W20: 0 | X20: 0 | Y20: 0 | Z20: 0 | AA20: 0 | AB20: 0
B21: 3.4 | C21: Less Depreciation of compressors | E21: 0 | F21: 0 | G21: 0 | H21: 0 | I21: 0 | J21: 0 | K21: 0 | L21: 0 | M21: 0 | N21: 0 | O21: 0 | P21: 0 | Q21: 0 | R21: 0 | S21: 0 | T21: 0 | U21: 0 | V21: 0 | W21: 0 | X21: 0 | Y21: 0 | Z21: 0 | AA21: 0 | AB21: 0
B22: 3.4 | C22: Less Disposal (at cost) | E22: 0 | F22: 0 | G22: 0 | H22: 0 | I22: 0 | J22: 0 | K22: 0 | L22: 0 | M22: 0 | N22: 0 | O22: 0 | P22: 0 | Q22: 0 | R22: 0 | S22: 0 | T22: 0 | U22: 0 | V22: 0 | W22: 0 | X22: 0 | Y22: 0 | Z22: 0 | AA22: 0 | AB22: 0
C23: Closing compressors carrying value | D23: =SUM(D19:D22) -> 0 | E23: =SUM(E19:E22) -> 0 | F23: =SUM(F19:F22) -> 0 | G23: =SUM(G19:G22) -> 0 | H23: =SUM(H19:H22) -> 0 | I23: =SUM(I19:I22) -> 0 | J23: =SUM(J19:J22) -> 0 | K23: =SUM(K19:K22) -> 0 | ... AB23: =SUM(AB19:AB22) -> 0
C24: City Gates, supply regulators and valve stations
B25: 3.4 | C25: Nominal Opening Regulatory Asset Base | E25: =D29 -> 0 | F25: =E29 -> 0 | G25: =F29 -> 0 | H25: =G29 -> 0 | I25: =H29 -> 0 | J25: =I29 -> 0 | K25: =J29 -> 0 | L25: =K29 -> 0 | ... Z25: =Y29 -> 0 | AA25: =Y29 -> 0 | AB25: =Z29 -> 0
B26: 3.4 | C26: Improvements capitalised | E26: 0 | F26: 0 | G26: 0 | H26: 0 | I26: 0 | J26: 0 | K26: 0 | L26: 0 | M26: 0 | N26: 0 | O26: 0 | P26: 0 | Q26: 0 | R26: 0 | S26: 0 | T26: 0 | U26: 0 | V26: 0 | W26: 0 | X26: 0 | Y26: 0 | Z26: 0 | AA26: 0 | AB26: 0
B27: 3.4 | C27: Less Depreciation of city gates, supply regulators and valve stations | E27: 0 | F27: 0 | G27: 0 | H27: 0 | I27: 0 | J27: 0 | K27: 0 | L27: 0 | M27: 0 | N27: 0 | O27: 0 | P27: 0 | Q27: 0 | R27: 0 | S27: 0 | T27: 0 | U27: 0 | V27: 0 | W27: 0 | X27: 0 | Y27: 0 | Z27: 0 | AA27: 0 | AB27: 0
B28: 3.4 | C28: Less Disposal (at cost) | E28: 0 | F28: 0 | G28: 0 | H28: 0 | I28: 0 | J28: 0 | K28: 0 | L28: 0 | M28: 0 | N28: 0 | O28: 0 | P28: 0 | Q28: 0 | R28: 0 | S28: 0 | T28: 0 | U28: 0 | V28: 0 | W28: 0 | X28: 0 | Y28: 0 | Z28: 0 | AA28: 0 | AB28: 0
C29: Closing city gates, supply regulators and valve stations carrying value | D29: =SUM(D25:D28) -> 0 | E29: =SUM(E25:E28) -> 0 | F29: =SUM(F25:F28) -> 0 | G29: =SUM(G25:G28) -> 0 | H29: =SUM(H25:H28) -> 0 | I29: =SUM(I25:I28) -> 0 | J29: =SUM(J25:J28) -> 0 | K29: =SUM(K25:K28) -> 0 | ... AB29: =SUM(AB25:AB28) -> 0
C30: Metering
B31: 3.4 | C31: Nominal Opening Regulatory Asset Base | E31: =D35 -> 0 | F31: =E35 -> 0 | G31: =F35 -> 0 | H31: =G35 -> 0 | I31: =H35 -> 0 | J31: =I35 -> 0 | K31: =J35 -> 0 | L31: =K35 -> 357654.57 | ... AB31: =AA35 -> 431649.38
B32: 3.4 | C32: Additions and improvements capitalised | E32: 0 | F32: 0 | G32: 0 | H32: 0 | I32: 0 | J32: 0 | K32: 357654.57 | L32: 74528.856 | M32: 0 | N32: 0 | O32: 0 | P32: 0 | Q32: 0 | R32: 0 | S32: 0 | T32: 0 | U32: 0 | V32: 0 | W32: 0 | X32: 0 | Y32: 0 | Z32: 0 | AA32: 0 | AB32: 0
B33: 3.4 | C33: Less Depreciation of metering | E33: 0 | F33: 0 | G33: 0 | H33: 0 | I33: 0 | J33: 0 | K33: 0 | L33: -20.145884 | M33: 10368.432 | N33: -3071.565 | O33: 3757.739 | P33: 6074.3098 | Q33: -4957.5422 | R33: 251.56887 | S33: 2788.9185 | T33: -4178.8441 | U33: -6568.2798 | V33: -2773.8437 | W33: -2419.6952 | X33: -4798.9805 | Y33: -13343.839 | Z33: 4509.2697 | AA33: 13848.445 | AB33: 13464.249
B34: 3.4 | C34: Less Disposal (at cost) | E34: 0 | F34: 0 | G34: 0 | H34: 0 | I34: 0 | J34: 0 | K34: 0 | L34: 0 | M34: 0 | N34: 0 | O34: 0 | P34: 0 | Q34: 0 | R34: 0 | S34: 0 | T34: 0 | U34: 0 | V34: 0 | W34: 0 | X34: 0 | Y34: 0 | Z34: 0 | AA34: 0 | AB34: 0
C35: Closing Metering | D35: =SUM(D31:D34) -> 0 | E35: =SUM(E31:E34) -> 0 | F35: =SUM(F31:F34) -> 0 | G35: =SUM(G31:G34) -> 0 | H35: =SUM(H31:H34) -> 0 | I35: =SUM(I31:I34) -> 0 | J35: =SUM(J31:J34) -> 0 | K35: =SUM(K31:K34) -> 357654.57 | ... AB35: =SUM(AB31:AB34) -> 445113.63
C36: Odourant plants
B37: 3.4 | C37: Nominal Opening Regulatory Asset Base | E37: =D41 -> 0 | F37: =E41 -> 0 | G37: =F41 -> 0 | H37: =G41 -> 0 | I37: =H41 -> 0 | J37: =I41 -> 0 | K37: =J41 -> 0 | L37: =K41 -> 0 | ... AB37: =AA41 -> 312885.9
B38: 3.4 | C38: Additions and improvements capitalised | E38: 0 | F38: 0 | G38: 0 | H38: 0 | I38: 0 | J38: 0 | K38: 0 | L38: 0 | M38: 0 | N38: 0 | O38: 0 | P38: 0 | Q38: 284149.67 | R38: 0 | S38: 0 | T38: 0 | U38: 0 | V38: 0 | W38: 0 | X38: 0 | Y38: 0 | Z38: 0 | AA38: 0 | AB38: 1223105.1
B39: 3.4 | C39: Less Depreciation of odourant plants | E39: 0 | F39: 0 | G39: 0 | H39: 0 | I39: 0 | J39: 0 | K39: 0 | L39: 0 | M39: 0 | N39: 0 | O39: 0 | P39: 0 | Q39: 0 | R39: 3198.7179 | S39: 4985.5654 | T39: 626.18398 | U39: -850.1093 | V39: 1761.3223 | W39: 2143.3468 | X39: 670.57115 | Y39: -5142.8828 | Z39: 7178.0776 | AA39: 14165.432 | AB39: 14409.745
B40: 3.4 | C40: Less Disposal (at cost) | E40: 0 | F40: 0 | G40: 0 | H40: 0 | I40: 0 | J40: 0 | K40: 0 | L40: 0 | M40: 0 | N40: 0 | O40: 0 | P40: 0 | Q40: 0 | R40: 0 | S40: 0 | T40: 0 | U40: 0 | V40: 0 | W40: 0 | X40: 0 | Y40: 0 | Z40: 0 | AA40: 0 | AB40: 0
C41: Closing odourant plants carrying value | D41: =SUM(D37:D40) -> 0 | E41: =SUM(E37:E40) -> 0 | F41: =SUM(F37:F40) -> 0 | G41: =SUM(G37:G40) -> 0 | H41: =SUM(H37:H40) -> 0 | I41: =SUM(I37:I40) -> 0 | J41: =SUM(J37:J40) -> 0 | K41: =SUM(K37:K40) -> 0 | ... AB41: =SUM(AB37:AB40) -> 1550400.8
C42: SCADA (Communications)
B43: 3.4 | C43: Nominal Opening Regulatory Asset Base | E43: =D47 -> 0 | F43: =E47 -> 0 | G43: =F47 -> 0 | H43: =G47 -> 0 | I43: =H47 -> 11318.708 | J43: =I47 -> 10824.202 | K43: =J47 -> 10299.247 | L43: =K47 -> 9894.9123 | ... AB43: =AA47 -> 261910.89
B44: 3.4 | C44: Additions and improvements capitalised | E44: 0 | F44: 0 | G44: 0 | H44: 11318.708 | I44: 0 | J44: 0 | K44: 0 | L44: 0 | M44: 0 | N44: 0 | O44: 0 | P44: 0 | Q44: 0 | R44: 0 | S44: 0 | T44: 0 | U44: 0 | V44: 117689.63 | W44: 58048.309 | X44: 97023.056 | Y44: 0 | Z44: 0 | AA44: 38023.388 | AB44: 0
B45: 3.4 | C45: Less Depreciation of SCADA | E45: 0 | F45: 0 | G45: 0 | H45: 0 | I45: -494.50654 | J45: -524.95443 | K45: -404.33493 | L45: -640.95237 | M45: -446.54693 | N45: -774.2259 | O45: -670.48146 | P45: -683.1987 | Q45: -903.94201 | R45: -856.12439 | S45: -869.60221 | T45: -987.46071 | U45: -1033.1557 | V45: -1036.145 | W45: -6628.0161 | X45: -9404.5461 | Y45: -19776.342 | Z45: -9131.4157 | AA45: -4926.2469 | AB45: -7058.4051
B46: 3.4 | C46: Less Disposal (at cost) | E46: 0 | F46: 0 | G46: 0 | H46: 0 | I46: 0 | J46: 0 | K46: 0 | L46: 0 | M46: 0 | N46: 0 | O46: 0 | P46: 0 | Q46: 0 | R46: 0 | S46: 0 | T46: 0 | U46: 0 | V46: 0 | W46: 0 | X46: 0 | Y46: 0 | Z46: 0 | AA46: 0 | AB46: 0
C47: Closing SCADA carrying value | D47: =SUM(D43:D46) -> 0 | E47: =SUM(E43:E46) -> 0 | F47: =SUM(F43:F46) -> 0 | G47: =SUM(G43:G46) -> 0 | H47: =SUM(H43:H46) -> 11318.708 | I47: =SUM(I43:I46) -> 10824.202 | J47: =SUM(J43:J46) -> 10299.247 | K47: =SUM(K43:K46) -> 9894.9123 | ... AB47: =SUM(AB43:AB46) -> 254852.49
C48: Buildings
B49: 3.4 | C49: Nominal Opening Regulatory Asset Base | E49: =D53 -> 0 | F49: =E53 -> 0 | G49: =F53 -> 0 | H49: =G53 -> 0 | I49: =H53 -> 0 | J49: =I53 -> 0 | K49: =J53 -> 0 | L49: =K53 -> 0 | ... AB49: =AA53 -> 0
B50: 3.4 | C50: Additions and improvements capitalised | E50: 0 | F50: 0 | G50: 0 | H50: 0 | I50: 0 | J50: 0 | K50: 0 | L50: 0 | M50: 0 | N50: 0 | O50: 0 | P50: 0 | Q50: 0 | R50: 0 | S50: 0 | T50: 0 | U50: 0 | V50: 0 | W50: 0 | X50: 0 | Y50: 0 | Z50: 0 | AA50: 0 | AB50: 0
B51: 3.4 | C51: Less Depreciation of buildings | E51: 0 | F51: 0 | G51: 0 | H51: 0 | I51: 0 | J51: 0 | K51: 0 | L51: 0 | M51: 0 | N51: 0 | O51: 0 | P51: 0 | Q51: 0 | R51: 0 | S51: 0 | T51: 0 | U51: 0 | V51: 0 | W51: 0 | X51: 0 | Y51: 0 | Z51: 0 | AA51: 0 | AB51: 0
B52: 3.4 | C52: Less Disposal (at cost) | E52: 0 | F52: 0 | G52: 0 | H52: 0 | I52: 0 | J52: 0 | K52: 0 | L52: 0 | M52: 0 | N52: 0 | O52: 0 | P52: 0 | Q52: 0 | R52: 0 | S52: 0 | T52: 0 | U52: 0 | V52: 0 | W52: 0 | X52: 0 | Y52: 0 | Z52: 0 | AA52: 0 | AB52: 0
C53: Closing buildings carrying value | D53: =SUM(D49:D52) -> 0 | E53: =SUM(E49:E52) -> 0 | F53: =SUM(F49:F52) -> 0 | G53: =SUM(G49:G52) -> 0 | H53: =SUM(H49:H52) -> 0 | I53: =SUM(I49:I52) -> 0 | J53: =SUM(J49:J52) -> 0 | K53: =SUM(K49:K52) -> 0 | ... AB53: =SUM(AB49:AB52) -> 0
C54: Land and easements
B55: 3.4 | C55: Nominal Opening Regulatory Asset Base | E55: =D59 -> 0 | F55: =E59 -> 0 | G55: =F59 -> 0 | H55: =G59 -> 0 | I55: =H59 -> 0 | J55: =I59 -> 0 | K55: =J59 -> 0 | L55: =K59 -> 0 | ... AB55: =AA59 -> 0
B56: 3.4 | C56: Additions and improvements capitalised | E56: 0 | F56: 0 | G56: 0 | H56: 0 | I56: 0 | J56: 0 | K56: 0 | L56: 0 | M56: 0 | N56: 0 | O56: 0 | P56: 0 | Q56: 0 | R56: 0 | S56: 0 | T56: 0 | U56: 0 | V56: 0 | W56: 0 | X56: 0 | Y56: 0 | Z56: 0 | AA56: 0 | AB56: 0
B57: 3.4 | C57: Less Depreciation of land and easement | E57: 0 | F57: 0 | G57: 0 | H57: 0 | I57: 0 | J57: 0 | K57: 0 | L57: 0 | M57: 0 | N57: 0 | O57: 0 | P57: 0 | Q57: 0 | R57: 0 | S57: 0 | T57: 0 | U57: 0 | V57: 0 | W57: 0 | X57: 0 | Y57: 0 | Z57: 0 | AA57: 0 | AB57: 0
B58: 3.4 | C58: Less Disposal (at cost) | P58: 0 | Q58: 0 | R58: 0 | S58: 0 | T58: 0 | U58: 0 | V58: 0 | W58: 0 | X58: 0 | Y58: 0 | Z58: 0 | AA58: 0 | AB58: 0
C59: Closing land and easements carrying value | D59: =SUM(D55:D58) -> 0 | E59: =SUM(E55:E58) -> 0 | F59: =SUM(F55:F58) -> 0 | G59: =SUM(G55:G58) -> 0 | H59: =SUM(H55:H58) -> 0 | I59: =SUM(I55:I58) -> 0 | J59: =SUM(J55:J58) -> 0 | K59: =SUM(K55:K58) -> 0 | ... AB59: =SUM(AB55:AB58) -> 0
C60: Other depreciable pipeline assets
B61: 3.4 | C61: Nominal Opening Regulatory Asset Base | E61: =D65 -> 0 | F61: =E65 -> 0 | G61: =F65 -> 0 | H61: =G65 -> 0 | I61: =H65 -> 0 | J61: =I65 -> 0 | K61: =J65 -> 0 | L61: =K65 -> 0 | ... AB61: =AA65 -> 19666.847
B62: 3.4 | C62: Additions and improvements capitalised | E62: 0 | F62: 0 | G62: 0 | H62: 0 | I62: 0 | J62: 0 | K62: 0 | L62: 0 | M62: 2846498.6 | N62: 74.544946 | O62: 0 | P62: 0 | Q62: 0 | R62: 0 | S62: 0 | T62: 0 | U62: 0 | V62: 0 | W62: 0 | X62: 0 | Y62: 19324.618 | Z62: 0 | AA62: 0 | AB62: 170.2276
B63: 3.4 | C63: Less Depreciation/amortisation | E63: 0 | F63: 0 | G63: 0 | H63: 0 | I63: 0 | J63: 0 | K63: 0 | L63: 0 | M63: 0 | N63: -206397.18 | O63: -170894.19 | P63: -165511.12 | Q63: -236502.18 | R63: -217324.07 | S63: -217330.86 | T63: -256686.65 | U63: -271524.74 | V63: -267170.61 | W63: -276710.64 | X63: -291287.64 | Y63: -305936.59 | Z63: 35906.986 | AA63: 1138.5248 | AB63: 1185.3135
B64: 3.4 | C64: Less Disposal (at cost) | E64: 0 | F64: 0 | G64: 0 | H64: 0 | I64: 0 | J64: 0 | K64: 0 | L64: 0 | M64: 0 | N64: 0 | O64: 0 | P64: 0 | Q64: 0 | R64: 0 | S64: 0 | T64: 0 | U64: 0 | V64: 0 | W64: 0 | X64: 0 | Y64: 0 | Z64: 0 | AA64: 0 | AB64: 0
C65: Closing other depreciable pipeline assets carrying value | D65: =SUM(D61:D64) -> 0 | E65: =SUM(E61:E64) -> 0 | F65: =SUM(F61:F64) -> 0 | G65: =SUM(G61:G64) -> 0 | H65: =SUM(H61:H64) -> 0 | I65: =SUM(I61:I64) -> 0 | J65: =SUM(J61:J64) -> 0 | K65: =SUM(K61:K64) -> 0 | ... AB65: =SUM(AB61:AB64) -> 21022.388
C66: Leased pipeline assets
B67: 3.4 | C67: Nominal Opening Regulatory Asset Base | E67: =D71 -> 0 | F67: =E71 -> 0 | G67: =F71 -> 0 | H67: =G71 -> 0 | I67: =H71 -> 0 | J67: =I71 -> 0 | K67: =J71 -> 0 | L67: =K71 -> 0 | ... AB67: =AA71 -> 0
B68: 3.4 | C68: Additions and improvements capitalised | E68: 0 | F68: 0 | G68: 0 | H68: 0 | I68: 0 | J68: 0 | K68: 0 | L68: 0 | M68: 0 | N68: 0 | O68: 0 | P68: 0 | Q68: 0 | R68: 0 | S68: 0 | T68: 0 | U68: 0 | V68: 0 | W68: 0 | X68: 0 | Y68: 0 | Z68: 0 | AA68: 0 | AB68: 0
B69: 3.4 | C69: Less Depreciation/amortisation | E69: 0 | F69: 0 | G69: 0 | H69: 0 | I69: 0 | J69: 0 | K69: 0 | L69: 0 | M69: 0 | N69: 0 | O69: 0 | P69: 0 | Q69: 0 | R69: 0 | S69: 0 | T69: 0 | U69: 0 | V69: 0 | W69: 0 | X69: 0 | Y69: 0 | Z69: 0 | AA69: 0 | AB69: 0
B70: 3.4 | C70: Less Disposal (at cost) | E70: 0 | F70: 0 | G70: 0 | H70: 0 | I70: 0 | J70: 0 | K70: 0 | L70: 0 | M70: 0 | N70: 0 | O70: 0 | P70: 0 | Q70: 0 | R70: 0 | S70: 0 | T70: 0 | U70: 0 | V70: 0 | W70: 0 | X70: 0 | Y70: 0 | Z70: 0 | AA70: 0 | AB70: 0
C71: Closing leased pipeline assets carrying value | D71: =SUM(D67:D70) -> 0 | E71: =SUM(E67:E70) -> 0 | F71: =SUM(F67:F70) -> 0 | G71: =SUM(G67:G70) -> 0 | H71: =SUM(H67:H70) -> 0 | I71: =SUM(I67:I70) -> 0 | J71: =SUM(J67:J70) -> 0 | K71: =SUM(K67:K70) -> 0 | ... AB71: =SUM(AB67:AB70) -> 0
C72: Total pipeline assets | D72: =SUM(D17,D23,D29,D35,D41,D47,D53,D59,D65,D71) -> 28480000 | E72: =SUM(E17,E23,E29,E35,E41,E47,E53,E59,E65,E71) -> 28480000 | F72: =SUM(F17,F23,F29,F35,F41,F47,F53,F59,F65,F71) -> 29827766 | G72: =SUM(G17,G23,G29,G35,G41,G47,G53,G59,G65,G71) -> 30285418 | H72: =SUM(H17,H23,H29,H35,H41,H47,H53,H59,H65,H71) -> 30710561 | I72: =SUM(I17,I23,I29,I35,I41,I47,I53,I59,I65,I71) -> 31059180 | J72: =SUM(J17,J23,J29,J35,J41,J47,J53,J59,J65,J71) -> 31430626 | K72: =SUM(K17,K23,K29,K35,K41,K47,K53,K59,K65,K71) -> 32604817 | ... AB72: =SUM(AB17,AB23,AB29,AB35,AB41,AB47,AB53,AB59,AB65,AB71) -> 42573710
C73: Shared supporting assets
B74: 3.4 | C74: Nominal Opening Regulatory Asset Base | E74: =D78 -> 0 | F74: =E78 -> 0 | G74: =F78 -> 0 | H74: =G78 -> 0 | I74: =H78 -> 0 | J74: =I78 -> 689.40692 | K74: =J78 -> 1620.7483 | L74: =K78 -> 2548.9677 | ... AB74: =AA78 -> 513380.46
B75: 3.4 | C75: Additions and improvements capitalised | E75: 0 | F75: 0 | G75: 0 | H75: 0 | I75: 689.40692 | J75: 1055.4981 | K75: 1224.9402 | L75: 5809.7014 | M75: 30651.595 | N75: 22135.986 | O75: 19897.289 | P75: 84791.421 | Q75: 38604.134 | R75: 25041.186 | S75: 20973.287 | T75: 99717.469 | U75: 120719.25 | V75: 52817.056 | W75: 87984.542 | X75: 121415.38 | Y75: 106875.57 | Z75: 43092.34 | AA75: 313822.78 | AB75: 202496.86
B76: 3.4 | C76: Less Shared property, plant and equipment depreciation | E76: 0 | F76: 0 | G76: 0 | H76: 0 | I76: 0 | J76: -124.15675 | K76: -296.72081 | L76: -577.38181 | M76: -1478.0441 | N76: -7777.3583 | O76: -11199.363 | P76: -13654.886 | Q76: -32373.497 | R76: -38497.494 | S76: -42473.889 | T76: -34234.218 | U76: -54600.197 | V76: -57528.043 | W76: -60896.918 | X76: -75423.082 | Y76: -101789.15 | Z76: -67512.293 | AA76: -73926.093 | AB76: -131974.18
B77: 3.4 | C77: Less disposals of shared supporting assets | E77: 0 | F77: 0 | G77: 0 | H77: 0 | I77: 0 | J77: 0 | K77: 0 | L77: -3.3497234 | M77: -8.398831 | N77: 0 | O77: 0 | P77: -191.43699 | Q77: -1963.4668 | R77: -978.63379 | S77: -1002.3336 | T77: -1180.6802 | U77: -522.6563 | V77: -1042.0765 | W77: -148.10911 | X77: -528.76984 | Y77: -584.38874 | Z77: -1338.5069 | AA77: -82.776609 | AB77: -87.282562
C78: Closing shared property, plant and equipment | D78: =SUM(D74:D77) -> 0 | E78: =SUM(E74:E77) -> 0 | F78: =SUM(F74:F77) -> 0 | G78: =SUM(G74:G77) -> 0 | H78: =SUM(H74:H77) -> 0 | I78: =SUM(I74:I77) -> 689.40692 | J78: =SUM(J74:J77) -> 1620.7483 | K78: =SUM(K74:K77) -> 2548.9677 | ... AB78: =SUM(AB74:AB77) -> 583815.87
C79: Shared leased assets
B80: 3.4 | C80: Nominal Opening Regulatory Asset Base | E80: =D84 -> 0 | F80: =E84 -> 0 | G80: =F84 -> 0 | H80: =G84 -> 0 | I80: =H84 -> 0 | J80: =I84 -> 0 | K80: =J84 -> 0 | L80: =K84 -> 0 | ... AB80: =AA84 -> 101886.44
B81: 3.4 | C81: Additions and improvements capitalised | E81: 0 | F81: 0 | G81: 0 | H81: 0 | I81: 0 | J81: 0 | K81: 0 | L81: 0 | M81: 0 | N81: 0 | O81: 0 | P81: 0 | Q81: 0 | R81: 0 | S81: 0 | T81: 0 | U81: 0 | V81: 0 | W81: 0 | X81: 0 | Y81: 86652 | Z81: 22147.681 | AA81: 23729.063 | AB81: 47247.345
B82: 3.4 | C82: Less Depreciation/amortisation | E82: 0 | F82: 0 | G82: 0 | H82: 0 | I82: 0 | J82: 0 | K82: 0 | L82: 0 | M82: 0 | N82: 0 | O82: 0 | P82: 0 | Q82: 0 | R82: 0 | S82: 0 | T82: 0 | U82: 0 | V82: 0 | W82: 0 | X82: 0 | Y82: 0 | Z82: -13937.246 | AA82: -16705.061 | AB82: -22815.599
B83: 3.4 | C83: Less Disposal (at cost) | E83: 0 | F83: 0 | G83: 0 | H83: 0 | I83: 0 | J83: 0 | K83: 0 | L83: 0 | M83: 0 | N83: 0 | O83: 0 | P83: 0 | Q83: 0 | R83: 0 | S83: 0 | T83: 0 | U83: 0 | V83: 0 | W83: 0 | X83: 0 | Y83: 0 | Z83: 0 | AA83: 0 | AB83: 0
C84: Closing shared leased assets carrying value | D84: =SUM(D80:D83) -> 0 | E84: =SUM(E80:E83) -> 0 | F84: =SUM(F80:F83) -> 0 | G84: =SUM(G80:G83) -> 0 | H84: =SUM(H80:H83) -> 0 | I84: =SUM(I80:I83) -> 0 | J84: =SUM(J80:J83) -> 0 | K84: =SUM(K80:K83) -> 0 | ... AB84: =SUM(AB80:AB83) -> 126318.18
C85: Opening other assets | E85: =D87 -> 0 | F85: =E87 -> 0 | G85: =F87 -> 0 | H85: =G87 -> 0 | I85: =H87 -> 0 | J85: =I87 -> 0 | K85: =J87 -> 0 | L85: =K87 -> 0 | ... AB85: =AA87 -> 0
C86: Change in other assets | E86: 0 | F86: 0 | G86: 0 | H86: 0 | I86: 0 | J86: 0 | K86: 0 | L86: 0 | M86: 0 | N86: 0 | O86: 0 | P86: 0 | Q86: 0 | R86: 0 | S86: 0 | T86: 0 | U86: 0 | V86: 0 | W86: 0 | X86: 0 | Y86: 0 | Z86: 0 | AA86: 0
C87: Closing other assets | D87: =D85+D86 -> 0 | E87: =E85+E86 -> 0 | F87: =F85+F86 -> 0 | G87: =G85+G86 -> 0 | H87: =H85+H86 -> 0 | I87: =I85+I86 -> 0 | J87: =J85+J86 -> 0 | K87: =K85+K86 -> 0 | ... AB87: =AB85+AB86 -> 0
C88: Total shared supporting assets allocated | D88: =SUM(D78,D84,D87) -> 0 | E88: =SUM(E78,E84,E87) -> 0 | F88: =SUM(F78,F84,F87) -> 0 | G88: =SUM(G78,G84,G87) -> 0 | H88: =SUM(H78,H84,H87) -> 0 | I88: =SUM(I78,I84,I87) -> 689.40692 | J88: =SUM(J78,J84,J87) -> 1620.7483 | K88: =SUM(K78,K84,K87) -> 2548.9677 | ... AB88: =SUM(AB78,AB84,AB87) -> 710134.05
C89: TOTAL ASSETS | D89: =D72+D88 -> 28480000 | E89: =E72+E88 -> 28480000 | F89: =F72+F88 -> 29827766 | G89: =G72+G88 -> 30285418 | H89: =H72+H88 -> 30710561 | I89: =I72+I88 -> 31059869 | J89: =J72+J88 -> 31432247 | K89: =K72+K88 -> 32607366 | ... AB89: =AB72+AB88 -> 43283844
C90: CPI | E90: 0.031888798 | F90: 0.06022187 | G90: 0.028400598 | H90: 0.026889535 | I90: 0.024769993 | J90: 0.024861878 | K90: 0.039757412 | L90: 0.02073882 | M90: 0.045079365 | N90: 0.014580802 | O90: 0.030538922 | P90: 0.036025567 | Q90: 0.011777902 | R90: 0.023904382 | S90: 0.030155642 | T90: 0.015108593 | U90: 0.010232558 | V90: 0.019337017 | W90: 0.020776874 | X90: 0.015929204 | Y90: -0.0034843206 | Z90: 0.038461538 | AA90: 0.061447811 | AB90: 0.060269627

Sheet 3.1 Pipeline asset useful life
B1: Asset useful life
B2: =Tradingname -> APT Pipelines (NSW) Pty Limited
B3: Year ending | C3: =Yearending -> 45107
B5: Table 3.1.1: Asset useful life
B7: Basis of Preparation reference | C7: Description (list each individual balance sheet item) | D7: Acquisition date | E7: Useful life | F7: Reason for choosing this useful life
E8: years
B9: 3.4.2 | C9: ='3. Statement of pipeline assets'!C11 -> Pipelines | D9: 1/7/1999 to 30/6/2022 | E9: 80 | F9: Per Appendix A - Pipeline asset lives
B10: 3.4.2 | C10: ='3. Statement of pipeline assets'!C18 -> Compressors | E10: 35 | F10: Per Appendix A - Pipeline asset lives
B11: 3.4.2 | C11: ='3. Statement of pipeline assets'!C24 -> City Gates, supply regulators and valve stations | E11: 50 | F11: Per Appendix A - Pipeline asset lives
B12: 3.4.2 | C12: ='3. Statement of pipeline assets'!C30 -> Metering | D12: 1/7/2005 to 30/6/2007 | E12: 50 | F12: Per Appendix A - Pipeline asset lives
B13: 3.4.2 | C13: ='3. Statement of pipeline assets'!C36 -> Odourant plants | D13: 1/7/2011 to 30/6/2023 | E13: 80 | F13: Per Appendix A - Pipeline asset lives
B14: 3.4.2 | C14: ='3. Statement of pipeline assets'!C42 -> SCADA (Communications) | D14: 1/7/2002 to 30/6/2022 | E14: 15 | F14: Per Appendix A - Pipeline asset lives
B15: 3.4.2 | C15: ='3. Statement of pipeline assets'!C48 -> Buildings | E15: 80 | F15: Per Appendix A - Pipeline asset lives
B16: 3.4.2 | C16: ='3. Statement of pipeline assets'!C60 -> Other depreciable pipeline assets | D16: 1/7/2007 to 30/6/2023 | E16: 12 | F16: Per Roma Brisbane Pipeline Access Arrangement
C17: Land and easments | E17: N/a | F17: Indefinite
C18: insert asset description
C19: insert asset description
C20: insert asset description
C21: ='3. Statement of pipeline assets'!C66 -> Leased pipeline assets
C22: insert asset description
C23: insert asset description
C24: insert asset description
C25: insert asset description
B26: 3.4.2 | C26: ='3. Statement of pipeline assets'!C73 -> Shared supporting assets | D26: 1/7/2003 to 30/6/2023 | E26: 5 | F26: Per Appendix A - Pipeline asset lives
C27: insert asset description
C28: insert asset description
C29: insert asset description
C30: insert asset description
C31: insert asset description
B32: 3.4.2 | C32: ='3. Statement of pipeline assets'!C79 -> Shared leased assets | D32: 1/7/2019 to 30/6/2023 | E32: 5 | F32: Per leased assets average life
C33: insert asset description
C34: insert asset description
C35: insert asset description
C36: insert asset description
C37: insert asset description

Sheet 3.2 Shared supporting assets
B1: Shared supporting assets
B2: =Tradingname -> APT Pipelines (NSW) Pty Limited
B3: Year ending | C3: =Yearending -> 45107
B5: Table 3.2.1: Shared supporting asset allocation
B7: Basis of Preparation reference | C7: Description (list each individual shared asset category greater than 5%) | D7: Category of shared assets | E7: Total amount | F7: % allocated to pipeline | G7: Total allocated to pipeline
E8: $ nominal | G8: $ nominal
B9: 3.4.5 | C9: Information Technology | D9: Shared supporting assets | E9: 4.3954736e+08 | F9: =SUM('3. Statement of pipeline assets'!I75:AB75)/E9 -> 0.0031846755 | G9: =E9*F9 -> 1399815.7
B10: 3.4.6 | C10: Shared leased assets | D10: Shared leased assets | E10: 59767870 | F10: =SUM('3. Statement of pipeline assets'!Y81:AB81)/E10 -> 0.0030079052 | G10: =E10*F10 -> 179776.09
G11: =E11*F11 -> 0
G12: =E12*F12 -> 0
G13: =E13*F13 -> 0
G14: =E14*F14 -> 0
G15: =E15*F15 -> 0
G16: =E16*F16 -> 0
G17: =E17*F17 -> 0
G18: =E18*F18 -> 0
G19: =E19*F19 -> 0
G20: =E20*F20 -> 0
G21: =E21*F21 -> 0
G22: =E22*F22 -> 0
... G40: =E40*F40 -> 0
B41: Total | E41: =SUM(E9:E40) -> 4.9931523e+08 | G41: =SUM(G9:G40) -> 1579591.8

Sheet Auditor's Report Statements

Sheet 4 Recovered capital
B1: Recovered capital method
B2: =Tradingname -> APT Pipelines (NSW) Pty Limited
B3: Year ending | C3: =Yearending -> 45107
B5: Table 4.1: Recovered capital method - pipeline assets
B7: Basis of Preparation reference | C7: Asset description | E7: Total | F7: Year | BI7: Drag and drop columns if required
F8: =C36 -> 0 | G8: =DATE(YEAR(F8)+1,MONTH(F8),DAY(F8)) -> 366 | H8: =DATE(YEAR(G8)+1,MONTH(G8),DAY(G8)) -> 731 | I8: =DATE(YEAR(H8)+1,MONTH(H8),DAY(H8)) -> 1096 | J8: =DATE(YEAR(I8)+1,MONTH(I8),DAY(I8)) -> 1461 | K8: =DATE(YEAR(J8)+1,MONTH(J8),DAY(J8)) -> 1827 | L8: =DATE(YEAR(K8)+1,MONTH(K8),DAY(K8)) -> 2192 | M8: =DATE(YEAR(L8)+1,MONTH(L8),DAY(L8)) -> 2557 | N8: =DATE(YEAR(M8)+1,MONTH(M8),DAY(M8)) -> 2922 | ... BH8: =DATE(YEAR(BG8)+1,MONTH(BG8),DAY(BG8)) -> 19724
B9: 4 | C9: Pipeline assets
D10: Construction cost | E10: =SUM(F10:BH10) -> 0
D11: Negative residual value | E11: =C37 -> 0
D12: Additions | E12: =SUM(F12:BH12) -> 0
D13: Maintenance capitalised | E13: =SUM(F13:BH13) -> 0
D14: Leased Assets | E14: =SUM(F14:BH14) -> 0
D15: Disposal (at cost) | E15: =SUM(F15:BH15) -> 0
D16: Cost base | E16: =SUM(F16:BH16) -> 0 | F16: =SUM(F9:F15) -> 0 | G16: =SUM(G9:G15) -> 0 | H16: =SUM(H9:H15) -> 0 | I16: =SUM(I9:I15) -> 0 | J16: =SUM(J9:J15) -> 0 | K16: =SUM(K9:K15) -> 0 | L16: =SUM(L9:L15) -> 0 | M16: =SUM(M9:M15) -> 0 | ... BH16: =SUM(BH9:BH15) -> 0
B17: 4.3.3 | C17: Shared supporting assets
D18: Construction cost or acqusition cost (where allowed) apportioned | E18: =SUM(F18:BH18) -> 0
D19: Additions | E19: =SUM(F19:BH19) -> 0
D20: Maintenance capitalised | E20: =SUM(F20:BH20) -> 0
D21: Leased Assets | E21: =SUM(F21:BH21) -> 0
D22: Disposal (at cost) | E22: =SUM(F22:BH22) -> 0
D23: Cost base | E23: =SUM(F23:BH23) -> 0 | F23: =SUM(F18:F22) -> 0 | G23: =SUM(G18:G22) -> 0 | H23: =SUM(H18:H22) -> 0 | I23: =SUM(I18:I22) -> 0 | J23: =SUM(J18:J22) -> 0 | K23: =SUM(K18:K22) -> 0 | L23: =SUM(L18:L22) -> 0 | M23: =SUM(M18:M22) -> 0 | ... BH23: =SUM(BH18:BH22) -> 0
D24: Total assets | E24: =E16+E23 -> 0 | F24: =F16+F23 -> 0 | G24: =G16+G23 -> 0 | H24: =H16+H23 -> 0 | I24: =I16+I23 -> 0 | J24: =J16+J23 -> 0 | K24: =K16+K23 -> 0 | L24: =L16+L23 -> 0 | ... BH24: =BH16+BH23 -> 0
C25: Return of capital
B26: 4.3.2 | D26: Revenue | E26: =SUM(F26:BH26) -> 0
B27: 4.3.2 | D27: Operating expenses | E27: =SUM(F27:BH27) -> 0
B28: 4.3.2 | D28: Leased Asset Interest/Financing Charge | E28: =SUM(F28:BH28) -> 0
B29: 4.3.5 | D29: Net tax liabilities | E29: =SUM(F29:BH29) -> 0
B30: 4.3.4 | D30: Return on capital | E30: =SUM(F30:BH30) -> 0
D31: Total Return of Capital | E31: =SUM(F31:BH31) -> 0 | F31: =SUM(F26:F30) -> 0 | G31: =SUM(G26:G30) -> 0 | H31: =SUM(H26:H30) -> 0 | I31: =SUM(I26:I30) -> 0 | J31: =SUM(J26:J30) -> 0 | K31: =SUM(K26:K30) -> 0 | L31: =SUM(L26:L30) -> 0 | M31: =SUM(M26:M30) -> 0 | ... BH31: =SUM(BH26:BH30) -> 0
D32: Recovered capital method total asset value | E32: =SUM(F32:BH32) -> 0 | F32: =F16+F23-F31 -> 0 | G32: =G16+G23-G31 -> 0 | H32: =H16+H23-H31 -> 0 | I32: =I16+I23-I31 -> 0 | J32: =J16+J23-J31 -> 0 | K32: =K16+K23-K31 -> 0 | L32: =L16+L23-L31 -> 0 | M32: =M16+M23-M31 -> 0 | ... BH32: =BH16+BH23-BH31 -> 0
B34: Table 4.2: Pipeline details
B36: Construction date
B37: Negative residual value

Sheet 4.1 Pipelines capex
B1: Capital expenditure
B2: =Tradingname -> APT Pipelines (NSW) Pty Limited
B3: Year ending | C3: =Yearending -> 45107
B5: Table 4.1.1: Capital expenditure greater than 5% of construction cost
B7: Basis of Preparation reference | C7: Description of works | D7: Date recognised | E7: Expenditure ($ nominal)

Sheet 5. Weighted average price
B1: Weighted average prices
B5: Table 5.1: Weighted average prices
D7: Other Services | J7: Postage Stamp Transportation Services | Q7: Zonal Based Transportation Services | AJ7: Distance Based Transportation Services (to major delivery points)
R8: Zone 1 | X8: Zone 2 | AD8: Zone 3 | AK8: Major Delivery Point 1 | AQ8: Major Delivery Point 2 | AW8: Major Delivery Point 3 | BC8: Other Delivery Points
C9: Total revenue | D9: Capacity based charges | G9: Volumetric based charges | J9: Total Postage Stamp Revenue | K9: Capacity based | N9: Volumetric based | Q9: Total Zonal Revenue | R9: Capacity based | U9: Volumetric based | X9: Capacity based | AA9: Volumetric based | AD9: Capacity based | AG9: Volumetric based | AJ9: Total Distance Based Revenue | AK9: Capacity based | AN9: Volumetric based | AQ9: Capacity based | AT9: Volumetric based | AW9: Capacity based | AZ9: Volumetric based | BC9: Capacity based | BF9: Volumetric based
B10: Service description | C10: $'000 | D10: Revenue $ | E10: Total MDQ | F10: WAP ($/MDQ) | G10: Revenue $ | H10: Total TJ | I10: WAP (GJ) | J10: $ | K10: Revenue $ | L10: Total MDQ | M10: WAP ($/MDQ) | N10: Revenue $ | O10: Total TJ | P10: WAP (GJ) | Q10: $ | R10: Revenue $ | S10: Total MDQ | T10: WAP ($/MDQ) | U10: Revenue $ | V10: Total TJ | W10: WAP (GJ) | X10: Revenue $ | Y10: Total MDQ | Z10: WAP ($/MDQ) | AA10: Revenue $ | AB10: Total TJ | AC10: WAP (GJ) | AD10: Revenue $ | AE10: Total MDQ | AF10: WAP ($/MDQ) | AG10: Revenue $ | AH10: Total TJ | AI10: WAP (GJ) | AJ10: $'000 | AK10: Revenue $ | AL10: Total MDQ | AM10: WAP ($/MDQ) | AN10: Revenue $ | AO10: Total TJ | AP10: WAP (GJ) | AQ10: Revenue $ | AR10: Total MDQ | AS10: WAP ($/MDQ) | AT10: Revenue $ | AU10: Total TJ | AV10: WAP (GJ) | AW10: Revenue $ | AX10: Total MDQ | AY10: WAP ($/MDQ) | AZ10: Revenue $ | BA10: Total TJ | BB10: WAP (GJ) | BC10: Revenue $ | BD10: Total MDQ | BE10: WAP ($/MDQ) | BF10: Revenue $ | BG10: Total TJ | BH10: WAP (GJ)
B11: Transportation services
B12: Firm forward haul transportation services | C12: =J12+Q12+AJ12 -> 0 | J12: =K12+N12 -> 0 | M12: =IFERROR(K12/L12,0) -> 0 | N12: 0 | O12: 0 | P12: =IFERROR(N12/O12,0) -> 0 | Q12: =R12+U12+X12+AA12+AD12+AG12 -> 0 | R12: 0 | S12: 0 | T12: =IFERROR(R12/S12,0) -> 0 | U12: 0 | V12: 0 | W12: =IFERROR(U12/V12,0) -> 0 | X12: 0 | Y12: 0 | Z12: =IFERROR(X12/Y12,0) -> 0 | AA12: 0 | AB12: 0 | AC12: =IFERROR(AA12/AB12,0) -> 0 | AD12: 0 | AE12: 0 | AF12: =IFERROR(AD12/AE12,0) -> 0 | AG12: 0 | AH12: 0 | AI12: =IFERROR(AG12/AH12,0) -> 0 | AJ12: =AK12+AN12+AQ12+AT12+AW12+AZ12+BC12+BF12 -> 0 | AK12: 0 | AL12: 0 | AM12: =IFERROR(AK12/AL12,0) -> 0 | AN12: 0 | AO12: 0 | AP12: =IFERROR(AN12/AO12,0) -> 0 | AQ12: 0 | AR12: 0 | AS12: =IFERROR(AQ12/AR12,0) -> 0 | AT12: 0 | AU12: 0 | AV12: =IFERROR(AT12/AU12,0) -> 0 | AW12: 0 | AX12: 0 | AY12: =IFERROR(AW12/AX12,0) -> 0 | AZ12: 0 | BA12: 0 | BB12: =IFERROR(AZ12/BA12,0) -> 0 | BC12: 0 | BD12: 0 | BE12: =IFERROR(BC12/BD12,0) -> 0 | BF12: 0 | BG12: 0 | BH12: =IFERROR(BF12/BG12,0) -> 0
B13: Interruptible or as available transportation services | C13: =J13+Q13+AJ13 -> 0 | J13: =K13+N13 -> 0 | K13: 0 | L13: 0 | M13: =IFERROR(K13/L13,0) -> 0 | N13: 0 | O13: 0 | P13: =IFERROR(N13/O13,0) -> 0 | Q13: =R13+U13+X13+AA13+AD13+AG13 -> 0 | R13: 0 | S13: 0 | T13: =IFERROR(R13/S13,0) -> 0 | U13: 0 | V13: 0 | W13: =IFERROR(U13/V13,0) -> 0 | X13: 0 | Y13: 0 | Z13: =IFERROR(X13/Y13,0) -> 0 | AA13: 0 | AB13: 0 | AC13: =IFERROR(AA13/AB13,0) -> 0 | AD13: 0 | AE13: 0 | AF13: =IFERROR(AD13/AE13,0) -> 0 | AG13: 0 | AH13: 0 | AI13: =IFERROR(AG13/AH13,0) -> 0 | AJ13: =AK13+AN13+AQ13+AT13+AW13+AZ13+BC13+BF13 -> 0 | AK13: 0 | AL13: 0 | AM13: =IFERROR(AK13/AL13,0) -> 0 | AN13: 0 | AO13: 0 | AP13: =IFERROR(AN13/AO13,0) -> 0 | AQ13: 0 | AR13: 0 | AS13: =IFERROR(AQ13/AR13,0) -> 0 | AT13: 0 | AU13: 0 | AV13: =IFERROR(AT13/AU13,0) -> 0 | AW13: 0 | AX13: 0 | AY13: =IFERROR(AW13/AX13,0) -> 0 | AZ13: 0 | BA13: 0 | BB13: =IFERROR(AZ13/BA13,0) -> 0 | BC13: 0 | BD13: 0 | BE13: =IFERROR(BC13/BD13,0) -> 0 | BF13: 0 | BG13: 0 | BH13: =IFERROR(BF13/BG13,0) -> 0
B14: Backhaul services | C14: =J14+Q14+AJ14 -> 0 | J14: =K14+N14 -> 0 | K14: 0 | L14: 0 | M14: =IFERROR(K14/L14,0) -> 0 | N14: 0 | O14: 0 | P14: =IFERROR(N14/O14,0) -> 0 | Q14: =R14+U14+X14+AA14+AD14+AG14 -> 0 | R14: 0 | S14: 0 | T14: =IFERROR(R14/S14,0) -> 0 | U14: 0 | V14: 0 | W14: =IFERROR(U14/V14,0) -> 0 | X14: 0 | Y14: 0 | Z14: =IFERROR(X14/Y14,0) -> 0 | AA14: 0 | AB14: 0 | AC14: =IFERROR(AA14/AB14,0) -> 0 | AD14: 0 | AE14: 0 | AF14: =IFERROR(AD14/AE14,0) -> 0 | AG14: 0 | AH14: 0 | AI14: =IFERROR(AG14/AH14,0) -> 0 | AJ14: =AK14+AN14+AQ14+AT14+AW14+AZ14+BC14+BF14 -> 0 | AK14: 0 | AL14: 0 | AM14: =IFERROR(AK14/AL14,0) -> 0 | AN14: 0 | AO14: 0 | AP14: =IFERROR(AN14/AO14,0) -> 0 | AQ14: 0 | AR14: 0 | AS14: =IFERROR(AQ14/AR14,0) -> 0 | AT14: 0 | AU14: 0 | AV14: =IFERROR(AT14/AU14,0) -> 0 | AW14: 0 | AX14: 0 | AY14: =IFERROR(AW14/AX14,0) -> 0 | AZ14: 0 | BA14: 0 | BB14: =IFERROR(AZ14/BA14,0) -> 0 | BC14: 0 | BD14: 0 | BE14: =IFERROR(BC14/BD14,0) -> 0 | BF14: 0 | BG14: 0 | BH14: =IFERROR(BF14/BG14,0) -> 0
B15: Stand alone compression services
B16: Firm stand alone compression services | C16: =D16+G16 -> 0 | D16: 0 | E16: 0 | F16: =IFERROR(D16/E16,0) -> 0 | G16: 0 | H16: 0 | I16: =IFERROR(G16/H16,0) -> 0
B17: Storage services
B18: Firm park/park and loan services | C18: =D18+G18 -> 0 | D18: 0 | E18: 0 | F18: =IFERROR(D18/E18,0) -> 0 | G18: 0 | H18: 0 | I18: =IFERROR(G18/H18,0) -> 0
B19: Total exempt services | C19: =D19+G19 -> 0 | D19: 0 | G19: 0
B20: Total | C20: =SUM(C12:C19) -> 0 | D20: =SUM(D12:D19) -> 0 | E20: =SUM(E12:E19) -> 0 | G20: =SUM(G12:G19) -> 0 | H20: =SUM(H12:H19) -> 0 | J20: =SUM(J12:J19) -> 0 | K20: =SUM(K12:K19) -> 0 | L20: =SUM(L12:L19) -> 0 | N20: =SUM(N12:N19) -> 0 | O20: =SUM(O12:O19) -> 0 | Q20: =SUM(Q12:Q19) -> 0 | R20: =SUM(R12:R19) -> 0 | S20: =SUM(S12:S19) -> 0 | U20: =SUM(U12:U19) -> 0 | V20: =SUM(V12:V19) -> 0 | X20: =SUM(X12:X19) -> 0 | Y20: =SUM(Y12:Y19) -> 0 | AA20: =SUM(AA12:AA19) -> 0 | AB20: =SUM(AB12:AB19) -> 0 | AD20: =SUM(AD12:AD19) -> 0 | AE20: =SUM(AE12:AE19) -> 0 | AG20: =SUM(AG12:AG19) -> 0 | AH20: =SUM(AH12:AH19) -> 0 | AJ20: =SUM(AJ12:AJ19) -> 0 | AK20: =SUM(AK12:AK19) -> 0 | AL20: =SUM(AL12:AL19) -> 0 | AN20: =SUM(AN12:AN19) -> 0 | AO20: =SUM(AO12:AO19) -> 0 | AQ20: =SUM(AQ12:AQ19) -> 0 | AR20: =SUM(AR12:AR19) -> 0 | AT20: =SUM(AT12:AT19) -> 0 | AU20: =SUM(AU12:AU19) -> 0 | AW20: =SUM(AW12:AW19) -> 0 | AX20: =SUM(AX12:AX19) -> 0 | AZ20: =SUM(AZ12:AZ19) -> 0 | BA20: =SUM(BA12:BA19) -> 0 | BC20: =SUM(BC12:BC19) -> 0 | BD20: =SUM(BD12:BD19) -> 0 | BF20: =SUM(BF12:BF19) -> 0 | BG20: =SUM(BG12:BG19) -> 0

Sheet 5.1 Exempt WAP services
B1: Services exemption granted from AER for Weighted Average Price disclosure
B2: =Tradingname -> APT Pipelines (NSW) Pty Limited
B3: Year ending | C3: =Yearending -> 45107
B5: Table 5.1.1: AER exemptions
B7: Service category

Sheet 5.2 Actual Pricing
B1: Actual Pricing per section 7.3 of Guideline
B2: =Tradingname -> APT Pipelines (NSW) Pty Limited
B3: Year ending | C3: =Yearending -> 45107

Sheet 6. Notes
B1: Additional (optional) notes and information
B2: =Tradingname -> APT Pipelines (NSW) Pty Limited
B3: Year ending | C3: =Yearending -> 45107
B5: Table reference
B6: Cover | C6: The financial reporting under light regulation is an annual reporting requirement for APA's light regulation pipelines, requiring annual publishing by 31 October 2023. The information was published on Tuesday 31st October 2023.
B7: 1.1 | C7: APA has counted each contracting entity as a separate customer to determine customer numbers for each pipeline.
B8: 1.1.1 | C8: Interest charge on the Right of Use asset are for reporting purposes in the financial summary included as part of operating expenditure and not separated out in the model.
B9: 1.1.1 | C9: The debt raising cost included in the table 1.1.1 is calculated by applying the debt raising cost rate to the average Regulated Asset Base to the permitted proportion of 60% for debt funding.
B10: 1.2 | C10: Pipeline Services listed are those contracted to customers within the reporting period for the pipeline. Some services, in particular non-firm services, may be contracted but not used.
B11: 2.1 | C11: Payroll review In FY22, APA identified certain employees across the Group were not paid in full compliance with the Group’s obligations under APA’s enterprise agreements (“EA’s”). The review identified payment errors to employees subject to these EA’s.
C12: For financial accounting purposes, the Group Statutory financial information (FY21 and retained earnings) was restated to account for the impact of the payroll review.
C13: As the regulatory framework under part 7 does not account for retained earnings, the cumulative payroll adjustment for all years was accounted for in FY22 and prior periods were not restated. The payroll adjustment has been allocated to individual pipelines based on a combination of direct costs attributable to pipelines and where the cost was not directly attributable, based on relevant non causal drivers.
C14: In FY22, included in wages of $471,218, recorded the ‘Statement of Pipeline Revenue and Expenses’, is $1,887 of payroll costs relating to prior periods. APA also concluded that the amounts charged to the profit or loss in FY22 relating to prior periods had no material impact for Part 7 reporting purposes.

Sheet Amendment record
A2: Date | B2: AER amendment# | C2: Worksheet | D2: Table | E2: Cell | F2: Change | G2: Reason
A3: 43767 | B3: 0 | C3: ALL | D3: ALL | E3: ALL | F3: NA | G3: Initial release
A4: 43999 | B4: 1 | C4: 3. Statement of pipeline assets | D4: 3.1: Pipeline assets | E4: Rows 57 and 62 | F4: Row inserted | G4: To enable reporting of all aspects of Land and Easements, and Other Depreciable Pipeline Assets.
A5: 43999 | B5: 2 | C5: 3. Statement of pipeline assets | D5: 3.1: Pipeline assets | E5: Rows 66 to 71 | F5: Row inserted | G5: To enable reporting of Leased Pipeline Assets per AASB16
A6: 43999 | B6: 3 | C6: 3. Statement of pipeline assets | D6: 3.1: Pipeline assets | E6: Rows 79 to 84 | F6: Row inserted | G6: To enable reporting of Shared Leased Assets per AASB16
A7: 43999 | B7: 4 | C7: 3. Statement of pipeline assets | D7: 3.1: Pipeline assets | E7: D65:H65 | F7: Formula updated | G7: Originally added rows 61 to 63, changed to 61 to 64
A8: 43999 | B8: 5 | C8: 3. Statement of pipeline assets | D8: 3.1: Pipeline assets | E8: D72:H72 | F8: Formula updated | G8: Updated to include Leased Pipeline Assets in Total Pipeline Assets
A9: 43999 | B9: 6 | C9: 3. Statement of pipeline assets | D9: 3.1: Pipeline assets | E9: D78:H78 | F9: Formula updated | G9: Originally added rows 74 to 76, changed to 74 to 77
A10: 43999 | B10: 7 | C10: 3. Statement of pipeline assets | D10: 3.1: Pipeline assets | E10: D88:H88 | F10: Formula updated | G10: Updated to include Shared Leased Assets in Total shared supporting assets allocated
A11: 43999 | B11: 8 | C11: 3.1 Pipeline asset useful life | D11: 3.1.2: Leased asset life | E11: B29:F43 | F11: New table | G11: Table to capture details of lease asset lives (AASB16)
A12: 43999 | B12: 9 | C12: 3.2 Shared supporting assets | D12: 3.2.1: Shared supporting asset allocation | E12: B30:G34 | F12: Row inserted | G12: 5 rows inserted to allow for additional assets per AASB16
A13: 43999 | B13: 10 | C13: 4.1 Pipelines capex | D13: 4.1.2: leased asset greater than 5% of construction cost | E13: B37:E43 | F13: New table | G13: Table to capture lease assets if greater than 5% of construction costs
A14: 43999 | B14: 11 | C14: 4 Recovered capital | D14: 4.1: Recovered capital method - pipeline assets | E14: B17:B20 | F14: New formulae | G14: Insert missing formulae totalling the Shared Supporting Asset items across periods
... A28: 44037 | B28: 25 | C28: 3.1 Pipeline asset useful life | D28: 3.1.1: Asset useful life | E28: B21:F25 and B32:F36 | F28: Row inserted | G28: Rows inserted to separately capture the impacts of lives of lease assets.

Sheet APA Amendment record
A1: APA Amendment Record
A2: Date | B2: APA amendment# | C2: Worksheet | D2: Table | E2: Cell | F2: Change | G2: Reason
A3: 44067 | B3: 1 | C3: Cover | D3: Cover | E3: Column E | F3: Expanded column E. | G3: To disclose full name of Pipelines
A4: 44067 | B4: =B3+1 -> 2 | C4: Cover | D4: Cover | E4: D33 and D34 | F4: Change colour of font from white to black. | G4: To make postal address visible.
A5: 44067 | B5: =B4+1 -> 3 | C5: 1. Pipeline information | D5: 1.1 | E5: C8:C9 | F5: Formatting updated | G5: Numbers formatted to the nearest dollar, negatives shown in brackets
A6: 44067 | B6: =B5+1 -> 4 | C6: 1.1 Financial summary | D6: 1.1.1 | E6: Line 11 FY20 - to initial period | F6: Formulas updated | G6: To report Other depreciable pipeline assets as part of capex additions.
A7: 44067 | B7: =B6+1 -> 5 | C7: 1.1 Financial summary | D7: 1.1.1 | E7: Line 11 FY20 - to initial period | F7: Formulas updated | G7: To report Leased pipeline assets as part of capex additions.
A8: 44067 | B8: =B7+1 -> 6 | C8: 1.1 Financial summary | D8: 1.1.1 | E8: Line 11 FY20 - to initial period | F8: Formulas updated | G8: To report Shared lease assets as part of capex additions.
A9: 44067 | B9: =B8+1 -> 7 | C9: 1.1 Financial summary | D9: 1.1.1 | E9: F13 onwards | F9: Change to formula to reflect disposals as a positive number. | G9: To correctly state the return on capital reported in line 19, if formula was left as it was, Return on capital would have been over stated.
A10: 44067 | B10: =B9+1 -> 8 | C10: 1.1 Financial summary | D10: 1.1.1 | E10: Worksheet | F10: Formatting to disclose worksheet in $M. | G10: To disclose worksheet in $M.
A11: 44067 | B11: =B10+1 -> 9 | C11: 1.1 Financial summary | D11: 1.1.1 | E11: C30 & C31 | F11: Description changed from "As above" to "4. Recovered Capital". | G11: Disclosure purposes.
A12: 44067 | B12: =B11+1 -> 10 | C12: 1.1 Financial summary | D12: 1.1.1 | E12: Lines 30 & 31 | F12: Change to disclose "N/A". As RCM section is not relevant to this asset. | G12: Disclosure purposes.
A13: 44067 | B13: =B12+1 -> 11 | C13: 1.1 Financial summary | D13: 1.1.1 | E13: B13 | F13: Description changed to "Disposal (at proceeds)" | G13: To reflect that disposals are recorded at proceeds.
A14: 44067 | B14: =B13+1 -> 12 | C14: 2. Revenues and expenses | D14: 2.1 | E14: Cells D29:D37 & Cells E29:E37 | F14: Changed range and sum range in sumif formula.
A15: 44067 | B15: =B14+1 -> 13 | C15: 2. Revenues and expenses | D15: 2.1 | E15: D11:I40 | F15: Formatting updated | G15: Numbers formatted to the nearest dollar, negatives shown in brackets
A16: 44067 | B16: =B15+1 -> 14 | C16: 2. Revenues and expenses | D16: 2.1 | E16: I13 | F16: Formula updated | G16: Formula to include all relevant cells (Total direct revenue) to determine Closing value for Total direct revenue
A17: 44067 | B17: =B16+1 -> 15 | C17: 2.1 Revenue by service | D17: 2.1.1 | E17: D11:I24 | F17: Formatting updated | G17: Numbers formatted to the nearest dollar, negatives shown in brackets
A18: 44067 | B18: =B17+1 -> 16 | C18: 2.1 Revenue by service | D18: 2.1.1 | E18: I24 | F18: Formula updated | G18: Formula to include all relevant cells (Direct revenue) to determine Closing value for Direct revenue
A19: 44067 | B19: =B18+1 -> 17 | C19: 2.2 Revenue contributions | D19: 2.2.1 | E19: C9:E15 | F19: Formatting updated | G19: Numbers formatted to the nearest dollar, negatives shown in brackets
A20: 44067 | B20: =B19+1 -> 18 | C20: 2.2 Revenue contributions | D20: 2.2.2 | E20: D21:D27 | F20: Formatting updated | G20: Numbers formatted to the nearest dollar, negatives shown in brackets
A21: 44067 | B21: =B20+1 -> 19 | C21: 2.4 Shared costs | D21: 2.4.1 | E21: E9:F36, H9:I36 | F21: Formatting updated | G21: Numbers formatted to the nearest dollar, negatives shown in brackets
A22: 44067 | B22: =B21+1 -> 20 | C22: 2.4 Shared costs | D22: 2.4.1 | E22: H36 | F22: Formula updated | G22: Formula updated to sum H9:H17, it was totalling H9:H35
A23: 44067 | B23: =B22+1 -> 21 | C23: 2.4 Shared costs | D23: 2.4.1 | E23: I36 | F23: Formula updated | G23: Formula updated to sum I9:I17, it was totalling I9:i35
A24: 44067 | B24: =B23+1 -> 22 | C24: 3. Statement of pipeline assets | D24: 3.1 | E24: D5 | F24: Formatting updated | G24: Numbers formatted to the nearest dollar, negatives shown in brackets
A25: 44067 | B25: =B24+1 -> 23 | C25: 3.1 Pipeline asset useful life | D25: 3.1.1 | E25: E9:E37 | F25: Formatting updated | G25: Numbers formatted to the nearest whole number
A26: 44067 | B26: =B25+1 -> 24 | C26: 3.2 Shared supporting assets | D26: 3.2.1 | E26: E9:E41, G9:G41 | F26: Formatting updated | G26: Numbers formatted to the nearest dollar, negatives shown in brackets
A27: 44067 | B27: =B26+1 -> 25 | C27: 4 Recovered capital | D27: 4.1 | E27: E10:BH32 | F27: Formatting updated | G27: Numbers formatted to the nearest dollar, negatives shown in brackets
A28: 44067 | B28: =B27+1 -> 26 | C28: 4.1 Pipelines capex | D28: 4.1.1 | E28: E8:E34 | F28: Formatting updated | G28: Numbers formatted to the nearest dollar, negatives shown in brackets
A29: 44075 | B29: =B28+1 -> 27 | C29: 3. Statement of pipeline assets | D29: 3.1 | F29: Formulas updated | G29: To reflect carried forward opening balances in schedule.
A30: 44132 | B30: =B29+1 -> 28 | C30: 3.1 Pipeline asset useful life | D30: 3.1.1 | E30: D7 | F30: Spelling | G30: "Acquisition" missed an "i"

Sheet Sheet1
A1: Data validation lists
A2: Pipelines
A3: Compressors
A4: City Gates, supply regulators and valve stations
A5: Metering
A6: Odourant plants
A7: SCADA (Communications)
A8: Buildings
A9: Other depreciable assets
